 Dungeon Crawl Stone Soup version 0.31-a0-236-g9a0961fb85 (webtiles) character file.

Game seed: 12559947142845439767

430166 spiderkeys the Genius of the Arcane (level 23, -19/244 HPs)
             Began as a Gnoll Wanderer on July 7, 2023.
             Was the Champion of Sif Muna.
             Demolished by Vv (68 damage)
             ... on level 3 of the Depths on July 10, 2023.
             The game lasted 02:54:24 (66949 turns).

spiderkeys the Genius of the Arcane (GnWn)         Turns: 66949, Time: 02:54:24

Health: -19/244    AC: 37    Str: 14    XL:     23   Next: 89%
Magic:  2/44       EV: 21    Int: 23    God:    Sif Muna [******]
Gold:   3474       SH: 13    Dex: 16    Spells: 6/56 levels left

rFire   + . .        f - staff of poison {!a}
rCold   . . .        P - +0 buckler {AC+3}
rNeg    + . .        U - melded +4 troll leather armour
rPois   ∞            t - +2 hat {Will+}
rElec   +            X - +2 cloak {rPois}
rCorr   +            G - melded +2 pair of gloves
SInv    .            g - melded +1 pair of boots of the Gusle {Harm rF+ Will+ Regen+}
Will    ++...        D - amulet of reflection
Stlth   ++++++       Z - ring of wizardry
HPRegen 0.60/turn    H - ring "Ruijarph" {rElec rCorr Str+2 Int+3 Dex+4}
MPRegen 0.29/turn

%: reflection, clarity, wizardry (x1)
@: statue-form, frozen, slightly contaminated, studying Fighting, very slow
A: slow and powerful, torment resistance 1, boosted hp, fangs 1, strong nose,
distributed training, clarity, fire resistance 1, weak 1, MP-powered wands
}: 2/15 runes: serpentine, barnacled
a: End Transformation, Renounce Religion, Channel Magic, Forget Spell, Divine
Exegesis


You were on level 3 of the Depths.
You worshipped Sif Muna.
Sif Muna was exalted by your worship.
You were a living statue of rough stone.
You visited 9 branches of the dungeon, and saw 41 of its levels.
You visited the Abyss 1 time.
You also visited: Desolation.

You collected 6049 gold pieces.
You spent 2575 gold pieces at shops.


Innate Abilities, Weirdness & Mutations

You are a living statue of rough stone.
Your actions are slow, but your melee attacks are powerful.
You are resistant to unholy torment.
Your maximum health is greatly increased.
You are immune to poison.
Your equipment is partially melded.
You have very sharp teeth.
Your uncanny sense of smell can sniff out nearby items.
Your experience applies equally to all skills.
You possess an exceptional clarity of mind.
Your flesh is heat resistant. (rF+)
You are weak. (Str -2)
You expend magic power (3 MP) to strengthen your wands.


   Skills:
 + Level 17.6 Fighting
 + Level 16.5 Short Blades
 + Level 16.5 Long Blades
 + Level 16.5 Axes
 + Level 16.5 Maces & Flails
 + Level 16.5 Polearms
 + Level 16.5 Staves
 + Level 16.5 Ranged Weapons
 + Level 16.5 Throwing
 + Level 17.6 Armour
 + Level 16.5 Dodging
 + Level 16.5 Stealth
 + Level 16.5 Shields
 + Level 16.5 Unarmed Combat
 + Level 17.2 Spellcasting
 + Level 14.0 Conjurations
 + Level 14.0 Hexes
 + Level 14.0 Summonings
 + Level 14.0 Necromancy
 + Level 14.0 Translocations
 + Level 14.5 Transmutations
 + Level 14.0 Fire Magic
 + Level 14.0 Ice Magic
 + Level 14.0 Air Magic
 + Level 14.0 Earth Magic
 + Level 15.0 Poison Magic
 + Level 17.9 Invocations
 + Level 16.5 Evocations


You had 6 spell levels left.
You knew the following spells:

 Your Spells              Type           Power      Damage    Failure   Level
b - Borgnjor's Vile Clut  Necr/Erth      35%        N/A       1%          5
d - Dispel Undead         Necr           71%        3d24      1%          4
f - Summon Forest         Summ/Tloc      35%        N/A       1%          5
i - Ignite Poison         Fire/Tmut/Pois 92%        N/A       0%          3
l - Lesser Beckoning      Tloc           100%       N/A       0%          2
m - Monstrous Menagerie   Summ           35%        N/A       3%          7
o - Olgreb's Toxic Radia  Pois           93%        N/A       1%          4
p - Poisonous Vapours     Pois/Air       100%       N/A       0%          2
s - Sting                 Tmut/Pois      100%       1d8       0%          1
I - Irradiate             Conj/Tmut      35%        3d23      1%          5
S - Statue Form           Tmut/Erth      47%        N/A       1%          6
X - Plasma Beam           Fire/Air       35%        2x1d49    1%          6

Your spell library contained the following spells:

 Spells                   Type           Power      Damage    Failure   Level
 Apportation              Tloc           100%       N/A       0%          1
 Beastly Appendage        Tmut           100%       N/A       0%          1
 Foxfire                  Conj/Fire      100%       2x1d9     0%          1
 Freeze                   Ice            100%       1d10      0%          1
 Kiss of Death            Conj/Necr      100%       2d13      0%          1
 Magic Dart               Conj           100%       1d8       0%          1
 Necrotise                Necr           100%       1d9       0%          1
 Sandblast                Erth           100%       2d20      0%          1
 Summon Small Mammal      Summ           100%       N/A       0%          1
 Blink                    Tloc           100%       N/A       0%          2
 Call Imp                 Summ           100%       N/A       0%          2
 Cigotuvi's Dreadful Rot  Necr/Pois/Air  100%       N/A       0%          2
 Ensorcelled Hibernation  Hex/Ice        100%       N/A       0%          2
 Momentum Strike          Conj/Tloc      100%       3d10      0%          2
 Passwall                 Tmut/Erth      59%        N/A       0%          2
 Scorch                   Fire           100%       2d9       0%          2
 Searing Ray              Conj           100%       2d8       0%          2
 Static Discharge         Conj/Air       100%       2-7/arc   0%          2
 Sublimation of Blood     Necr           71%        N/A       0%          2
 Wereblood                Tmut           72%        N/A       0%          2
 Spider Form              Tmut/Pois      93%        N/A       0%          3
 Call Canine Familiar     Summ           71%        N/A       1%          3
 Confusing Touch          Hex            71%        N/A       1%          3
 Dazzling Flash           Conj/Hex       100%       N/A       1%          3
 Hailstorm                Conj/Ice       71%        3d15      1%          3
 Inner Flame              Hex/Fire       71%        N/A       1%          3
 Mephitic Cloud           Conj/Pois/Air  91%        N/A       1%          3
 Ozocubu's Armour         Ice            71%        N/A       1%          3
 Stone Arrow              Conj/Erth      100%       3d13      1%          3
 Swiftness                Air            71%        N/A       1%          3
 Teleport Other           Tloc           71%        N/A       1%          3
 Vampiric Draining        Necr           71%        2d11      1%          3
 Volatile Blastmotes      Fire/Tloc      100%       2d18      1%          3
 Airstrike                Air            35%        2d(6-22)  1%          4
 Anguish                  Hex/Necr       35%        N/A       1%          4
 Animate Armour           Summ/Erth      100%       N/A       1%          4
 Animate Dead             Necr           71%        N/A       1%          4
 Cause Fear               Hex            35%        N/A       1%          4
 Fulminant Prism          Conj/Hex       35%        3d18      1%          4
 Ice Form                 Ice/Tmut       71%        N/A       1%          4
 Iskenderun's Mystic Bla  Conj/Tloc      71%        2d14      1%          4
 Leda's Liquefaction      Hex/Erth       35%        N/A       1%          4
 Manifold Assault         Tloc           71%        N/A       1%          4
 Passage of Golubria      Tloc           71%        N/A       1%          4
 Petrify                  Tmut/Erth      71%        N/A       1%          4
 Sticky Flame             Conj/Fire      71%        2d8       1%          4
 Summon Ice Beast         Ice/Summ       71%        N/A       1%          4
 Summon Lightning Spire   Summ/Air       71%        N/A       1%          4
 Agony                    Necr           71%        N/A       1%          5
 Alistair's Intoxication  Tmut/Pois      62%        N/A       1%          5
 Arcjolt                  Conj/Air       35%        1d45      1%          5
 Blade Hands              Tmut           36%        N/A       1%          5
 Freezing Cloud           Conj/Ice/Air   35%        6-21      1%          5
 Iskenderun's Battlesphe  Conj           71%        2d12      1%          5
 Metabolic Englaciation   Hex/Ice        35%        N/A       1%          5
 Silence                  Hex/Air        35%        N/A       1%          5
 Summon Mana Viper        Hex/Summ       71%        N/A       1%          5
 Death Channel            Necr           35%        N/A       1%          6
 Dispersal                Tloc           35%        N/A       1%          6
 Eringya's Noxious Bog    Tmut/Pois      46%        4d6       1%          6
 Leda's Unmaking          Conj/Erth      35%        9d6       1%          6
 Simulacrum               Ice/Necr       35%        N/A       1%          6
 Starburst                Conj/Fire      35%        6d10      1%          6
 Summon Cactus Giant      Summ           35%        N/A       1%          6
 Dragon Form              Tmut           36%        N/A       2%          7
 Storm Form               Tmut/Air       35%        N/A       2%          7
 Haunt                    Necr/Summ      35%        N/A       3%          7
 Malign Gateway           Summ/Tloc      35%        N/A       3%          7
 Ozocubu's Refrigeration  Ice            35%        4d15      3%          7
 Spellforged Servitor     Conj/Summ      35%        N/A       3%          7
 Summon Hydra             Summ           35%        N/A       3%          7
 Necromutation            Tmut/Necr      35%        N/A       22%         8
 Borgnjor's Revivificati  Necr           35%        N/A       24%         8
 Discord                  Hex            35%        N/A       24%         8
 Disjunction              Tloc           35%        N/A       24%         8
 Ignition                 Fire           35%        3d11      24%         8
 Lehudib's Crystal Spear  Conj/Erth      35%        10d9      24%         8
 Maxwell's Capacitive Co  Air            35%        ∞         24%         8
 Death's Door             Necr           35%        N/A       97%         9
 Dragon's Call            Summ           35%        N/A       97%         9
 Polar Vortex             Ice            35%        12d4*     97%         9

Inventory:

Hand Weapons
 v - a +2 vampiric lajatang
   (You took it off Zenata on level 2 of the Elven Halls)
 W - the +8 dagger of Fimbulwinter {holy, Dex+3}
   (You found it on level 1 of the Shoals)

   Dex:       It affects your dexterity (+3).
Missiles
 i - 22 boomerangs
 m - 6 curare-tipped darts {=f}
 A - 5 silver boomerangs
 R - 3 silver javelins
Armour
 g - the +1 pair of boots of the Gusle (melded) {Harm rF+ Will+ Regen+}
   (You acquired it on level 2 of the Dungeon)

   rF:        It protects you from fire.
   Regen:     It increases your rate of health regeneration.
   Harm:      It increases damage dealt and taken.
   Will:      It increases your willpower.
 t - a +2 hat of willpower (worn)
   (You took it off Gastronok on level 3 of the Lair of Beasts)
 G - a +2 pair of gloves (melded)
   (You found it on level 12 of the Dungeon)
 P - a +0 buckler of protection (worn)
   (You found it in the Desolation of Salt)
 U - a +4 troll leather armour (melded)
   (You found it on level 7 of the Dungeon)
 X - a +2 cloak of poison resistance (worn)
   (You found it in the Desolation of Salt)
Magical Staves
 f - a staff of poison (weapon) {!a}
   (You found it on level 1 of the Dungeon)
Jewellery
 c - the ring "Ufomonix" {rF++ Will+ Int-4}
   (You found it in the Desolation of Salt)

   [ring of willpower]

   Int:       It affects your intelligence (-4).
   rF:        It greatly protects you from fire.
   Will:      It increases your willpower.
 C - the amulet of the Four Winds {rN+ Will+++ Clar}
   (You took it off Louise on level 4 of the Shoals)

   [amulet of nothing]

   rN:        It protects you from negative energy.
   Clar:      It protects you from confusion, rage, mesmerisation and fear.
   Will:      It greatly increases your willpower.
 D - an amulet of reflection (around neck)
   (You found it on level 1 of the Lair of Beasts)
 F - the ring of the Arcadian Apple {Fire Fly Str+5 Stlth+}
   (You took it off a servant of whispers in the Desolation of Salt)

   [ring of fire]

   It enhances your fire magic.
   Str:       It affects your strength (+5).
   rF:        It protects you from fire.
   rC:        It makes you vulnerable to cold.
   Fly:       It grants you flight.
   Stlth:     It makes you more stealthy.
 H - the ring "Ruijarph" (right fist) {rElec rCorr Str+2 Int+3 Dex+4}
   (You found it in the Desolation of Salt)

   [ring of resist corrosion]

   Str:       It affects your strength (+2).
   Int:       It affects your intelligence (+3).
   Dex:       It affects your dexterity (+4).
   rElec:     It insulates you from electricity.
   rCorr:     It protects you from acid and corrosion.
 V - the ring of Ucaas {rElec rCorr AC+4 Str-2 Stlth+}
   (You bought it in a shop on level 1 of the Snake Pit)

   [ring of protection]

   AC:        It affects your AC (+4).
   Str:       It affects your strength (-2).
   rElec:     It insulates you from electricity.
   rCorr:     It protects you from acid and corrosion.
   Stlth:     It makes you more stealthy.
 Z - a ring of wizardry (left fist)
   (You took it off a necromancer on level 3 of the Depths)
Wands
 o - a wand of digging (27)
   (You found it on level 1 of the Lair of Beasts)
 p - a wand of paralysis (37)
   (You found it on level 8 of the Dungeon)
 N - a wand of iceblast (51)
   (You found it on level 8 of the Dungeon)
 Q - a wand of acid (43)
   (You found it on level 10 of the Dungeon)
 Y - a wand of mindburst (30)
   (You found it on level 7 of the Dungeon)
Scrolls
 a - 3 scrolls of immolation {!r!r}
 d - 6 scrolls of enchant armour
 e - 5 scrolls of fog
 r - 6 scrolls of revelation
 u - 3 scrolls of summoning
 B - 4 scrolls of vulnerability {!r!r}
 E - 9 scrolls of enchant weapon
 L - a scroll of blinking {!r}
 O - 6 scrolls of poison {!r}
 S - a scroll of teleportation {@r4}
 T - 5 scrolls of fear
Potions
 b - 12 potions of curing {@q1}
 h - 4 potions of brilliance
 j - 11 potions of enlightenment
 k - 5 potions of cancellation
 l - 3 potions of attraction {!q}
 n - 5 potions of lignification {!q}
 q - 4 potions of heal wounds {@q2}
 s - 5 potions of mutation {!q}
 w - 4 potions of might
 y - 2 potions of invisibility
 I - 4 potions of haste {@q3}
 M - 3 potions of resistance
Miscellaneous
 x - a phantom mirror (inert)
   (You found it on level 5 of the Lair of Beasts)
 J - a box of beasts
   (You found it on level 2 of the Lair of Beasts)
 K - a tin of tremorstones (2/2)
   (You found it on level 14 of the Dungeon)

Dungeon Overview and Level Annotations

Branches:
Dungeon (15/15) Zot: 24247  Temple (1/1) D:4 Zot: 5965    Lair (5/5) D:10 Zot: 21317
 Shoals (4/4) Lair:3 Zot: 17214   Snake (4/4) Lair:3 Zot: 16066   Slime (0/5) Lair:4
    Orc (2/2) D:11 Zot: 9529     Elf (3/3) Orc:2 Zot: 11584  Vaults (4/5) D:13 Zot: 14417
  Crypt (0/3) Vaults:3     Depths (3/4) D:15 Zot: 11112 Desolation (visited)

Altars:
Ashenzari
Cheibriados
Dithmenos
Elyvilon
Fedhas
Gozag
Hepliaklqana
Kikubaaqudgha
Makhleb
Nemelex Xobeh
Okawaru
Qazlal
Ru
Sif Muna
Trog
Uskayaw
Vehumet
Wu Jian
Xom
Yredelemnul
Zin
The Shining One

Shops:
D:5 (   Orc:1 !   Orc:2 =**[   Elf:1 [(   Elf:3 =*(?   Shoals:3 (
Snake:1 =*:*=:   Snake:4 =   Vaults:1 =*([(   Vaults:3 [   Depths:1 *
Depths:3 [?

Portals:
Hell: Depths:1 Depths:2
Abyss: Depths:3
Pandemonium: Depths:2
Ziggurat: Depths:2

Annotations:
Lair:2 2 transporters, MathMan16's ghost, journeyman DjFE
Lair:4 exclusion: 3 oklob plants
Depths:3 Vv

#.....#...#)......######
#...###.#.........#.....
#.......#[........#.....
#.......#.........#.....
.'..[....).#.......#.....
'#.....#.###.#..##.#.....
............#..##.######
.......C.[###..#........
......98#.....##........
......).########........
........# #...######
########. ###....... .
#....... .. #....... ..
#....... ### #.......
########


You could see Vv and a fire giant.


Message History

Casting: Plasma Beam (mildly dangerous; 1% risk of failure)
Press: ? - help, Dir - look around, f - activate The bolt of lightning hits Vv but does no damage.
The fiery plasma misses Vv.
Vv calls gouts of flame from the lava!
The flame surge hits you! You resist. 😕 HP[-13] MP[-5]
You take 13 damage, and now have 202/244 hp.
You lost 5 mp, and now have 26/44 mp.
Casting: Plasma Beam (mildly dangerous; 1% risk of failure)
Confirm with . or Enter, or press ? or * to list all spells.
Casting: Plasma Beam (mildly dangerous; 1% risk of failure)
Press: ? - help, Dir - look around, f - activate The bolt of lightning hits Vv!
Vv resists.
The fiery plasma hits Vv but does no damage.
Vv hits you but does no damage. x2 😕 HP[+1] MP[-6]
You lost 6 mp, and now have 20/44 mp.
Casting: Plasma Beam (mildly dangerous; 1% risk of failure)
Confirm with . or Enter, or press ? or * to list all spells.
You erupt in a fountain of uncontrolled magic!
Vv is blasted with magical radiation!!
You are very lightly contaminated with residual magic.
A fire giant comes into view.
It is wielding a +0 great sword of flaming.
Vv calls gouts of flame from the lava!
The flame surge hits you!! You resist. 😮 HP[-22] MP[-4]
You take 22 damage, and now have 181/244 hp.
You lost 4 mp, and now have 16/44 mp.
Casting: Irradiate (safe; 1% risk of failure)
Confirm with . or Enter, or press ? or * to list all spells.
You erupt in a fountain of uncontrolled magic!
Vv is blasted with magical radiation.
You are lightly contaminated with residual magic.
Vv hits you but does no damage. x2; You block Vv's attack.
Vv misses you. 😮 HP[+1] MP[-5]
You lost 5 mp, and now have 11/44 mp.
Casting: Irradiate (safe; 1% risk of failure)
Confirm with . or Enter, or press ? or * to list all spells.
You erupt in a fountain of uncontrolled magic!
Vv is blasted with magical radiation!!
Vv calls gouts of flame from the lava!
The flame surge hits you!! You resist. 😮 HP[-32] MP[-5]
You take 32 damage, and now have 150/244 hp.
You lost 5 mp, and now have 6/44 mp.
Unknown command.
Aiming: Phantom Mirror
Press: ? - help, Dir - move target, f - Vv
Aim: Vv (moderately damaged)
You reflect Vv with the mirror!
The mirror clouds!
Vv hits Vv.
Vv freezes Vv!!
Vv resists.
Vv closely misses Vv.
Vv hits Vv but does no damage.
Vv hits Vv.
Vv is engulfed in flames!
Vv resists.
Vv barely misses Vv.
Vv hits Vv!
Vv is engulfed in flames!
Vv resists.
Vv calls freezing cold from the walls.
The frost grips you!!!
* * * LOW HITPOINT WARNING * * *
You are encased in ice. 😨 HP[-39] MP[+1]
You take 39 damage, and now have 111/244 hp.
Casting: Irradiate (safe; 1% risk of failure)
Confirm with . or Enter, or press ? or * to list all spells.
You summon a manticore!
Vv hits Vv but does no damage. x2
You block Vv's attack. x2 😨 HP[+1] MP[-7]
You lost 7 mp, and now have 0/44 mp.
You swap places.
The ice encasing you melts away.
Vv hits Vv but does no damage. x2; Vv misses Vv.
Vv barely misses Vv.
The fire giant hits your manticore with a +0 great sword of flaming!!
The fire giant burns your manticore!
Your manticore closely misses Vv.
Your manticore claws Vv!
Your manticore claws Vv but does no damage.
Vv hits Vv but does no damage. x2
The fire giant completely misses your manticore.
You block Vv's attack. Vv hits you but does no damage.
Your manticore closely misses Vv.
Your manticore claws Vv! x2 😨 HP[+1] MP[+1]
You hit Vv but do no damage. Your bite misses Vv.
Vv shimmers and vanishes!
The fire giant hits your manticore with a +0 great sword of flaming!!
The fire giant burns your manticore.
Your manticore dies!
Your manticore's corpse disappears in a puff of smoke!
Vv calls freezing cold from the walls.
The frost grips you!!!
* * * LOW HITPOINT WARNING * * *
You are encased in ice. 😱 HP[-56]
You take 56 damage, and now have 57/244 hp.
MASSIVE DAMAGE!! (PAUSE)
You feel much better. Vv hits you but does no damage. Vv hits you!
* * * LOW HITPOINT WARNING * * *
You are engulfed in flames!!
You resist.
* * * LOW HITPOINT WARNING * * *
Vv hits you.
* * * LOW HITPOINT WARNING * * *
Vv freezes you!!!
You die...

Skill      XL: |  1  2  3  4  5  6  7  8  9 10 11 12 13 14 15 16 17 18 19 20 21 22 23 |
---------------+----------------------------------------------------------------------+-----
Spellcasting   | 5 6 7 8 9 10 11 12 13 14 15 16 17 | 17.2
Invocations    | 1 2 3 4 5 6 7 8 10 11 12 13 14 15 16 17 | 17.9
Fighting       | 1 2 3 4 5 6 7 8 9 10 11 12 13 14 15 16 17 | 17.6
Short Blades   | 1 2 3 4 5 6 7 8 9 10 11 12 13 14 15 16 | 16.5
Long Blades    | 1 2 3 4 5 6 7 8 9 10 11 12 13 14 15 16 | 16.5
Axes           | 1 2 3 4 5 6 7 8 9 10 11 12 13 14 15 16 | 16.5
Maces & Flails | 1 2 3 4 5 6 7 8 9 10 11 12 13 14 15 16 | 16.5
Polearms       | 1 2 3 4 5 6 7 8 9 10 11 12 13 14 15 16 | 16.5
Staves         | 1 2 3 4 5 6 7 8 9 10 11 12 13 14 15 16 | 16.5
Ranged Weapons | 1 2 3 4 5 6 7 8 9 10 11 12 13 14 15 16 | 16.5
Throwing       | 1 2 3 4 5 6 7 8 9 10 11 12 13 14 15 16 | 16.5
Dodging        | 1 2 3 4 5 6 7 8 9 10 11 12 13 14 15 16 | 16.5
Stealth        | 1 2 3 4 5 6 7 8 9 10 11 12 13 14 15 16 | 16.5
Shields        | 1 2 3 4 5 6 7 8 9 10 11 12 13 14 15 16 | 16.5
Unarmed Combat | 1 2 3 4 5 6 7 8 9 10 11 12 13 14 15 16 | 16.5
Evocations     | 1 2 3 4 5 6 7 8 9 10 11 12 13 14 15 16 | 16.5
Conjurations   | 1 2 3 4 5 6 7 8 9 10 11 12 13 14 | 14.0
Hexes          | 1 2 3 4 5 6 7 8 9 10 11 12 13 14 | 14.0
Summonings     | 1 2 3 4 5 6 7 8 9 10 11 12 13 14 | 14.0
Necromancy     | 1 2 3 4 5 6 7 8 9 10 11 12 13 14 | 14.0
Translocations | 1 2 3 4 5 6 7 8 9 10 11 12 13 14 | 14.0
Fire Magic     | 1 2 3 4 5 6 7 8 9 10 11 12 13 14 | 14.0
Ice Magic      | 1 2 3 4 5 6 7 8 9 10 11 12 13 14 | 14.0
Air Magic      | 1 2 3 4 5 6 7 8 9 10 11 12 13 14 | 14.0
Earth Magic    | 1 2 3 4 5 6 7 8 9 10 11 12 13 14 | 14.0
Transmutations | 4 5 6 7 8 9 10 11 12 13 14 | 14.5
Armour         | 7 8 9 10 11 12 13 14 15 16 17 | 17.6
Poison Magic   | 6 7 8 9 10 11 12 13 14 15 | 15.0

Action                     |  1- 3 |  4- 6 |  7- 9 | 10-12 | 13-15 | 16-18 | 19-21 | 22-24 || total
---------------------------+-------+-------+-------+-------+-------+-------+-------+-------++-------
  Melee: Club              |    21 |       |       |       |       |       |       |       ||    21
         Staff             |    15 |    22 |     4 |    74 |   235 |   128 |   296 |   427 ||  1201
         Bite              |     1 |     2 |     8 |     9 |    41 |   134 |   221 |    95 ||   511
         Headbutt          |     1 |       |       |       |       |       |       |       ||     1
         War axe           |       |       |    43 |     7 |    31 |   222 |       |       ||   303
         Punch             |       |       |     2 |       |       |       |       |       ||     2
         Dagger            |       |       |       |       |       |   390 |   726 |       ||  1116
  Throw: Boomerang         |       |       |     4 |    14 |    17 |     1 |       |     6 ||    42
         Javelin           |       |       |       |     2 |       |       |       |       ||     2
         Dart              |       |       |       |       |     3 |       |       |       ||     3
   Cast: Sting             |    41 |    27 |    23 |     2 |    27 |     3 |       |     1 ||   124
         Beastly Appendage |     2 |       |       |       |       |       |       |       ||     2
         Poisonous Vapours |       |    51 |    63 |   114 |   277 |   194 |   186 |   227 ||  1112
         Ignite Poison     |       |     8 |    34 |    63 |   176 |   157 |   189 |   176 ||   803
         Dispel Undead     |       |       |       |    11 |    26 |       |     8 |    18 ||    63
         Irradiate         |       |       |       |       |    13 |    41 |    47 |    35 ||   136
         Summon Mana Viper |       |       |       |       |    23 |    12 |       |       ||    35
         Summon Forest     |       |       |       |       |     4 |    12 |     4 |     2 ||    22
         Plasma Beam       |       |       |       |       |       |    19 |    13 |    22 ||    54
         Statue Form       |       |       |       |       |       |    43 |    60 |    54 ||   157
         Borgnjor's Vile C |       |       |       |       |       |     7 |    24 |       ||    31
         Olgreb's Toxic Ra |       |       |       |       |       |       |    49 |     6 ||    55
         Monstrous Menager |       |       |       |       |       |       |       |    66 ||    66
         Lesser Beckoning  |       |       |       |       |       |       |       |     1 ||     1
  Evoke: Wand              |       |       |       |       |     7 |     2 |     1 |       ||    10
         Box of beasts     |       |       |       |       |       |       |     1 |       ||     1
         Phantom mirror    |       |       |       |       |       |       |       |     1 ||     1
    Use: Scroll            |       |     9 |     3 |     5 |     8 |     5 |     5 |    18 ||    53
         Potion            |       |     2 |     3 |       |     5 |     2 |     3 |     3 ||    18
   Stab: Paralysed         |       |       |       |       |     6 |       |       |     1 ||     7
         Sleeping          |       |       |       |       |     1 |     8 |     8 |       ||    17
         Distracted        |       |       |       |       |     2 |     3 |     8 |    16 ||    29
 Armour: Ring mail         |    31 |       |       |       |       |       |       |       ||    31
         Robe              |     2 |       |       |       |       |       |       |       ||     2
         Leather armour    |       |    14 |    13 |       |       |       |       |       ||    27
         Troll leather arm |       |       |    10 |    38 |   122 |    76 |    30 |     7 ||   283
         Skin              |       |       |       |       |       |   318 |   543 |   332 ||  1193
  Dodge: Dodged            |    39 |    29 |    38 |    83 |   227 |   688 |  1013 |   443 ||  2560
  Block: Buckler           |       |       |    18 |    35 |   200 |   638 |   941 |   396 ||  2228
         Reflection        |       |       |       |       |     1 |    67 |    54 |    13 ||   135

Levels and vault maps discovered:
D:1:      psy_arrival_conway, layout_loops_ring, minmay_heptomino_w4
D:2:      layout_basic, minmay_unequal
D:3:      layout_basic, mainiacjoe_overflow_chevrons,
          shapermc_ecumenical_altar_acropolis
D:4:      layout_loops_ring, minmay_temple_entry_antechambers
D:5:      layout_rooms, jmf_multi_god_temple, serial_shops, shop, uniq_duvessa
D:6:      layout_loops_ring
D:7:      layout_basic, nicolae_elyvilon_peaceful_grove,
          mainiacjoe_overflow_six_doors_small
D:8:      layout_basic, mainiacjoe_overflow_cross_hatched, marbit_many_paths,
          nicolae_uskayaw_dance_hall, kennysheep_little_box,
          grunt_ministairs_12, dreamdust_gnoll_shepherd, uniq_psyche,
          uniq_prince_ribbit1, uniq_pikel
D:9:      layout_rooms, mainiacjoe_overflow_alcove_2,
          nicolae_gozag_seed_capital, special_room [special_room_orc]
D:10:     layout_basic, tgw_trog, lair_entry_dummy
D:11:     layout_irregular_city, orc_0_dummy, uniq_sonja
D:12:     layout_cave_pods, roderic_lattice_a, nicolae_splish_splash,
          uniq_fannar
D:13:     layout_long_grid, erik_vaults_2
D:14:     layout_roguey, minmay_misc_feat_tower, serial_glass, glass_columns_a,
          glass_columns_a, glass_columns_a, glass_columns_a, glass_columns_c,
          glass_columns_a, glass_columns_b, glass_columns_a,
          nicolae_hepliaklqana_hazy_memory
D:15:     gammafunk_depths_entry_grave, layout_loops_corners,
          dreamdust_mushroom_princess
Temple:   hellmonk_temple_micro_hex
Lair:1:   layout_misc_corridors, bh_autumn_forest_stairs,
          chequers_serial_rivers_micro_d
Lair:2:   layout_regular_city, gammafunk_ghost_wrathful_warriors,
          grunt_megastairs_2, serial_bayou_shore_b
Lair:3:   layout_cave_shapes, minmay_shoals_entry_beasts,
          guppyfry_snake_entry_garden, uniq_gastronok
Lair:4:   layout_gridlike, minmay_slime_entry_oklob_open
Lair:5:   evilmike_catoblepas_cave, layout_regular_city, grunt_megastairs_5
Shoals:1: layout_shoals, nicolae_shoals_kraken_intersection
Shoals:2: layout_shoals, lemuel_centaur_altar, uniq_mlioglotl
Shoals:3: layout_shoals, nicolae_shoals_c_island
Shoals:4: shoals_end_simple, layout_shoals, uniq_nikola, uniq_louise
Snake:1:  layout_cave_shapes, basic_altar, serial_shops, nicolae_diamond_shop,
          shop, shop, minmay_shop_grove, serial_bayou_shore_a, uniq_azrael,
          uniq_frances, uniq_donald
Snake:2:  layout_chambers, abandoned_shop, nicolae_snake_gridmaze_entwining
Snake:3:  layout_chambers, serial_bayou_shore_b, uniq_roxanne
Snake:4:  grunt_snake_rune_spirals, layout_onion, serial_shops, shop
Orc:1:    layout_diamond_mine, serial_shops, nicolae_shop_window_shopping
Orc:2:    st_orc_mages, layout_caves, basic_altar
Elf:1:    minmay_elf_arrival_summoners, layout_loops_cross, serial_shops,
          nicolae_shop_getting_attention, nicolae_lakefront_shop,
          minmay_elf_annihilation, lemuel_flamethrower_3
Elf:2:    nicolae_elf_blades_splatter_lattice [nicolae_blade_tridents],
          layout_rooms, nicolae_elf_stone_circles, uniq_jorgrun, uniq_zenata
Elf:3:    grunt_elf_hall_branching, layout_geoelf_castle, serial_shops,
          shop_statue, shop, nicolae_shop_rolling_square, shop,
          solitary_fountain, corexii_checkpoint_a
Vaults:1: portal_desolation_entry_garden, nicolae_vaults_puzzle_piece,
          nicolae_vaults_taking_the_gang_shopping,
          vaults_standard_mumra_enter_the_diamond, ontoclasm_vaults_ring_square,
          nicolae_vaults_tetromino_Z_2, hangedman_vaults_capsules, v_misc_10,
          nicolae_vaults_three_branches, v_misc_24, vaults_dpeg_ring,
          nicolae_vaults_tetromino_L_2, layout_vaults_big_room, serial_shops,
          shop, nicolae_shop_tiny_statue_garden, shop, nicolae_shop_waterfront
Vaults:2: nicolae_vaults_tetromino_L_2, hangedman_vaults_corner,
          dpeg_vaults_pockets_of_resistance, vaults_room_semicircle, v_misc_28,
          v_misc_4, v_misc_27, v_misc_8, nicolae_vaults_storage_closets_1,
          nicolae_vaults_closet_pinwheel_4, v_misc_22,
          ontoclasm_vaults_decontamination, layout_vaults_maze_snakey,
          uniq_asterion
Vaults:3: nicolae_vaults_double_plus_1, nicolae_vaults_house_2,
          nicolae_vaults_sightless_eye, ontoclasm_vaults_twist,
          nicolae_vaults_little_squares_2, nicolae_vaults_little_squares_1,
          minmay_crypt_entry_simple_box, nicolae_vaults_more_shelving_2,
          ontoclasm_vaults_chip, nicolae_vaults_sesquioval_fish,
          layout_vaults_quadrants, serial_shops, nicolae_shop_behind_doors
Vaults:4: hangedman_vaults_corner_blocks, nicolae_vaults_wrenched,
          nicolae_vaults_theta, vaults_mumra_lcd,
          nicolae_vaults_you_can_take_it_with_you,
          hangedman_vaults_corner_blocks, nicolae_vaults_house_2,
          nicolae_vaults_tetromino_Z_1, nicolae_vaults_trapezoid_lopsided_2,
          vaults_mumra_minichess, nicolae_vaults_mini_display_case,
          nicolae_vaults_yaktaur_gun_rack, grunt_vaults_hallway_short,
          layout_vaults_ring
Depths:1: layout_basic, hell_entry, serial_bayou_pond_e, nicolae_blasting_shop,
          kennysheep_generic_room_15, grunt_megastairs_4
Depths:2: evilmike_hourglass, layout_cave_pools, enter_ziggurat_b,
          nicolae_kite_square_tiling_tiny, hangedman_tar_grid_catacomb,
          grunt_pan_entry_in_and_out
Depths:3: kennysheep_bubbly, layout_gridville, hangedman_abyss_or_decor_stabs,
          hellmouth_1, abyss_entry, minmay_shoptagon, minmay_staircase_statues,
          uniq_vv

Notes
Turn   | Place    | Note
-------+----------+-------------------------------------------
     0 | D:1      | spiderkeys the Gnoll Wanderer began the quest for the Orb.
     0 | D:1      | spiderkeys set off with the following items: a +0 club, a
                  | potion of curing {@q1}, a +0 ring mail; and the following
                  | spells available to memorise: Sting, Beastly Appendage,
                  | Poisonous Vapours, Ignite Poison.
     0 | D:1      | Reached XP level 1. HP: 13/13 MP: 6/6
     0 | D:1      | magus.rc [v1.11.3]
    73 | D:1      | Learned a level 1 spell: Sting
    75 | D:1      | Learned a level 1 spell: Beastly Appendage
   272 | D:1      | Reached XP level 2. HP: 19/19 MP: 7/7
   796 | D:1      | You pick up a book of the Wilderness and begin reading...
   796 | D:1      | You add the spells Summon Forest, Summon Mana Viper and
                  | Summon Cactus Giant to your library.
   919 | D:1      | Reached skill level 5 in Spellcasting
   919 | D:1      | Reached XP level 3. HP: 25/25 MP: 6/9
  1471 | D:2      | Reached skill level 1 in Invocations
  1561 | D:2      | Reached skill level 1 in Fighting
  1561 | D:2      | Reached skill level 1 in Short Blades
  1561 | D:2      | Reached skill level 1 in Long Blades
  1561 | D:2      | Reached skill level 1 in Axes
  1561 | D:2      | Reached skill level 1 in Maces & Flails
  1561 | D:2      | Reached skill level 1 in Polearms
  1561 | D:2      | Reached skill level 1 in Staves
  1561 | D:2      | Reached skill level 1 in Ranged Weapons
  1561 | D:2      | Reached skill level 1 in Throwing
  1561 | D:2      | Reached skill level 1 in Dodging
  1561 | D:2      | Reached skill level 1 in Stealth
  1561 | D:2      | Reached skill level 1 in Shields
  1561 | D:2      | Reached skill level 1 in Unarmed Combat
  1561 | D:2      | Reached skill level 1 in Evocations
  1562 | D:2      | Reached XP level 4. HP: 17/32 MP: 1/11
  1951 | D:2      | Identified a scroll of acquirement
  1951 | D:2      | Acquired the +1 pair of boots of the Gusle {Harm rF+ Will+
                  | Regen+}
  1961 | D:2      | Gained mutation: Your mind is acute. (Int +4, Str/Dex -1)
                  | [potion of mutation]
  1961 | D:2      | Gained mutation: You are partially covered in iridescent
                  | scales. (AC +2) [potion of mutation]
  1966 | D:2      | Learned a level 2 spell: Poisonous Vapours
  1970 | D:2      | Learned a level 3 spell: Ignite Poison
  2016 | D:3      | You pick up a book of Touch and begin reading...
  2016 | D:3      | You add the spells Kiss of Death, Confusing Touch and
                  | Dispel Undead to your library.
  2057 | D:3      | Reached skill level 1 in Conjurations
  2057 | D:3      | Reached skill level 1 in Hexes
  2057 | D:3      | Reached skill level 1 in Summonings
  2057 | D:3      | Reached skill level 1 in Necromancy
  2057 | D:3      | Reached skill level 1 in Translocations
  2057 | D:3      | Reached skill level 1 in Fire Magic
  2057 | D:3      | Reached skill level 1 in Ice Magic
  2057 | D:3      | Reached skill level 1 in Air Magic
  2057 | D:3      | Reached skill level 1 in Earth Magic
  2361 | D:3      | Reached XP level 5. HP: 37/37 MP: 12/12
  2373 | D:3      | Found a faded altar of an unknown god.
  2390 | D:3      | You pick up a book of Touch and begin reading...
  2804 | D:3      | Found an ancient bone altar of Kikubaaqudgha.
  3055 | D:4      | Reached skill level 4 in Transmutations
  3457 | D:4      | Reached skill level 2 in Invocations
  3548 | D:4      | Reached XP level 6. HP: 44/44 MP: 9/13
  3589 | D:4      | You add the spells Ozocubu's Armour and Ozocubu's
                  | Refrigeration to your library.
  3671 | D:4      | Reached skill level 2 in Fighting
  3671 | D:4      | Reached skill level 2 in Short Blades
  3671 | D:4      | Reached skill level 2 in Long Blades
  3671 | D:4      | Reached skill level 2 in Axes
  3671 | D:4      | Reached skill level 2 in Maces & Flails
  3671 | D:4      | Reached skill level 2 in Polearms
  3671 | D:4      | Reached skill level 2 in Staves
  3671 | D:4      | Reached skill level 2 in Ranged Weapons
  3671 | D:4      | Reached skill level 2 in Throwing
  3671 | D:4      | Reached skill level 2 in Dodging
  3671 | D:4      | Reached skill level 2 in Stealth
  3671 | D:4      | Reached skill level 2 in Shields
  3671 | D:4      | Reached skill level 2 in Unarmed Combat
  3671 | D:4      | Reached skill level 2 in Evocations
  4204 | D:4      | Found a staircase to the Ecumenical Temple.
  4213 | Temple   | Entered the Ecumenical Temple
  4388 | D:4      | Reached XP level 7. HP: 50/50 MP: 7/15
  4552 | D:5      | Entered Level 5 of the Dungeon
  4552 | D:5      | Found Moco's Weapon Emporium.
  4556 | D:5      | Reached skill level 7 in Armour
  4575 | D:5      | Reached skill level 2 in Conjurations
  4575 | D:5      | Reached skill level 2 in Hexes
  4575 | D:5      | Reached skill level 2 in Summonings
  4575 | D:5      | Reached skill level 2 in Necromancy
  4575 | D:5      | Reached skill level 2 in Translocations
  4575 | D:5      | Reached skill level 2 in Fire Magic
  4575 | D:5      | Reached skill level 2 in Ice Magic
  4575 | D:5      | Reached skill level 2 in Air Magic
  4575 | D:5      | Reached skill level 2 in Earth Magic
  4947 | D:5      | Reached skill level 3 in Invocations
  5015 | D:5      | Identified the ring "Pyzxaiwk" {rElec Str-4 Int+2 Dex+6}
  5090 | D:5      | Found a hazy altar of Hepliaklqana.
  5090 | D:5      | Found a sparkling altar of Nemelex Xobeh.
  5110 | D:5      | Noticed Dowan
  5128 | D:5      | Noticed Duvessa
  5138 | D:5      | Killed Duvessa
  5139 | D:5      | Reached skill level 6 in Poison Magic
  5145 | D:5      | Killed Dowan
  5442 | D:5      | Reached skill level 3 in Fighting
  5442 | D:5      | Reached skill level 3 in Short Blades
  5442 | D:5      | Reached skill level 3 in Long Blades
  5442 | D:5      | Reached skill level 3 in Axes
  5442 | D:5      | Reached skill level 3 in Maces & Flails
  5442 | D:5      | Reached skill level 3 in Polearms
  5442 | D:5      | Reached skill level 3 in Staves
  5442 | D:5      | Reached skill level 3 in Ranged Weapons
  5442 | D:5      | Reached skill level 3 in Throwing
  5442 | D:5      | Reached skill level 3 in Dodging
  5442 | D:5      | Reached skill level 3 in Stealth
  5442 | D:5      | Reached skill level 3 in Shields
  5442 | D:5      | Reached skill level 3 in Unarmed Combat
  5442 | D:5      | Reached skill level 3 in Evocations
  5442 | D:5      | Reached XP level 8. HP: 58/58 MP: 11/16
  5926 | D:6      | Reached skill level 6 in Spellcasting
  6536 | D:6      | Reached skill level 3 in Conjurations
  6536 | D:6      | Reached skill level 3 in Hexes
  6536 | D:6      | Reached skill level 3 in Summonings
  6536 | D:6      | Reached skill level 3 in Necromancy
  6536 | D:6      | Reached skill level 3 in Translocations
  6536 | D:6      | Reached skill level 3 in Fire Magic
  6536 | D:6      | Reached skill level 3 in Ice Magic
  6536 | D:6      | Reached skill level 3 in Air Magic
  6536 | D:6      | Reached skill level 3 in Earth Magic
  6536 | D:6      | Reached skill level 4 in Invocations
  6651 | D:6      | Reached skill level 5 in Transmutations
  7062 | D:7      | Reached skill level 4 in Fighting
  7062 | D:7      | Reached skill level 4 in Short Blades
  7062 | D:7      | Reached skill level 4 in Long Blades
  7062 | D:7      | Reached skill level 4 in Axes
  7062 | D:7      | Reached skill level 4 in Maces & Flails
  7062 | D:7      | Reached skill level 4 in Polearms
  7062 | D:7      | Reached skill level 4 in Staves
  7062 | D:7      | Reached skill level 4 in Ranged Weapons
  7062 | D:7      | Reached skill level 4 in Throwing
  7062 | D:7      | Reached skill level 4 in Dodging
  7062 | D:7      | Reached skill level 4 in Stealth
  7062 | D:7      | Reached skill level 4 in Shields
  7062 | D:7      | Reached skill level 4 in Unarmed Combat
  7062 | D:7      | Reached skill level 4 in Evocations
  7062 | D:7      | Reached XP level 9. HP: 65/65 MP: 12/18
  7305 | D:7      | Noticed a troll
  7308 | D:7      | Killed a troll
  7780 | D:7      | Found a white marble altar of Elyvilon.
  7816 | D:7      | Noticed a hornet
  7819 | D:7      | Killed a hornet
  7820 | D:7      | Reached skill level 8 in Armour
  7923 | D:7      | Found a snail-covered altar of Cheibriados.
  7980 | D:7      | Reached skill level 5 in Invocations
  8487 | D:8      | Found a radiant altar of Vehumet.
  8521 | D:8      | Found a hide-covered altar of Uskayaw.
  8559 | D:8      | Reached skill level 7 in Spellcasting
  8613 | D:8      | Reached skill level 4 in Conjurations
  8613 | D:8      | Reached skill level 4 in Hexes
  8613 | D:8      | Reached skill level 4 in Summonings
  8613 | D:8      | Reached skill level 4 in Necromancy
  8613 | D:8      | Reached skill level 4 in Translocations
  8613 | D:8      | Reached skill level 4 in Fire Magic
  8613 | D:8      | Reached skill level 4 in Ice Magic
  8613 | D:8      | Reached skill level 4 in Air Magic
  8613 | D:8      | Reached skill level 4 in Earth Magic
  8723 | D:8      | Noticed Prince Ribbit
  8726 | D:8      | Killed Prince Ribbit
  8879 | D:8      | Reached skill level 5 in Fighting
  8879 | D:8      | Reached skill level 5 in Short Blades
  8879 | D:8      | Reached skill level 5 in Long Blades
  8879 | D:8      | Reached skill level 5 in Axes
  8879 | D:8      | Reached skill level 5 in Maces & Flails
  8879 | D:8      | Reached skill level 5 in Polearms
  8879 | D:8      | Reached skill level 5 in Staves
  8879 | D:8      | Reached skill level 5 in Ranged Weapons
  8879 | D:8      | Reached skill level 5 in Throwing
  8879 | D:8      | Reached skill level 5 in Dodging
  8879 | D:8      | Reached skill level 5 in Stealth
  8879 | D:8      | Reached skill level 5 in Shields
  8879 | D:8      | Reached skill level 5 in Unarmed Combat
  8879 | D:8      | Reached skill level 5 in Evocations
  8879 | D:8      | Reached XP level 10. HP: 74/74 MP: 4/20
  9049 | D:8      | Noticed Pikel
  9051 | D:8      | Killed Pikel
  9052 | D:8      | Reached skill level 7 in Poison Magic
  9091 | D:8      | Noticed Psyche
  9093 | D:8      | Killed Psyche
  9149 | D:8      | Found a shimmering blue altar of Sif Muna.
  9225 | D:8      | Became a worshipper of Sif Muna the Loreminder
  9303 | D:8      | Found a burning altar of Makhleb.
  9445 | D:8      | Reached skill level 6 in Transmutations
  9445 | D:8      | Reached skill level 6 in Invocations
 10127 | D:9      | Reached * piety under Sif Muna
 10344 | D:9      | Found a glowing golden altar of the Shining One.
 10373 | D:9      | Learned a level 4 spell: Dispel Undead
 10552 | D:9      | Reached skill level 9 in Armour
 10622 | D:9      | Reached skill level 6 in Fighting
 10622 | D:9      | Reached skill level 6 in Short Blades
 10622 | D:9      | Reached skill level 6 in Long Blades
 10622 | D:9      | Reached skill level 6 in Axes
 10622 | D:9      | Reached skill level 6 in Maces & Flails
 10622 | D:9      | Reached skill level 6 in Polearms
 10622 | D:9      | Reached skill level 6 in Staves
 10622 | D:9      | Reached skill level 6 in Ranged Weapons
 10622 | D:9      | Reached skill level 6 in Throwing
 10622 | D:9      | Reached skill level 6 in Dodging
 10622 | D:9      | Reached skill level 6 in Stealth
 10622 | D:9      | Reached skill level 6 in Shields
 10622 | D:9      | Reached skill level 6 in Unarmed Combat
 10622 | D:9      | Reached skill level 5 in Conjurations
 10622 | D:9      | Reached skill level 5 in Hexes
 10622 | D:9      | Reached skill level 5 in Summonings
 10622 | D:9      | Reached skill level 5 in Necromancy
 10622 | D:9      | Reached skill level 5 in Translocations
 10622 | D:9      | Reached skill level 5 in Fire Magic
 10622 | D:9      | Reached skill level 5 in Ice Magic
 10622 | D:9      | Reached skill level 5 in Air Magic
 10622 | D:9      | Reached skill level 5 in Earth Magic
 10622 | D:9      | Reached skill level 6 in Evocations
 10622 | D:9      | Reached XP level 11. HP: 81/81 MP: 14/22
 10839 | D:9      | Reached skill level 8 in Spellcasting
 10887 | D:9      | Reached ** piety under Sif Muna
 11172 | D:9      | Found an opulent altar of Gozag.
 11279 | D:10     | Entered Level 10 of the Dungeon
 11423 | D:10     | Found a staircase to the Lair.
 11439 | D:10     | Reached skill level 7 in Invocations
 11513 | D:10     | You pick up a book of Sloth and begin reading...
 11513 | D:10     | You add the spells Petrify, Metabolic Englaciation and
                  | Statue Form to your library.
 12151 | D:10     | Noticed a two-headed ogre
 12153 | D:10     | Killed a two-headed ogre
 12194 | D:10     | Noticed a moth of wrath
 12197 | D:10     | Killed a moth of wrath
 12225 | D:10     | Found a bloodstained altar of Trog.
 12368 | D:11     | Reached skill level 8 in Poison Magic
 12598 | D:11     | Noticed a two-headed ogre
 12602 | D:11     | Killed a two-headed ogre
 12603 | D:11     | Reached skill level 7 in Transmutations
 12662 | D:11     | Noticed Sonja
 12665 | D:11     | Killed Sonja
 12666 | D:11     | Reached skill level 7 in Fighting
 12666 | D:11     | Reached skill level 7 in Short Blades
 12666 | D:11     | Reached skill level 7 in Long Blades
 12666 | D:11     | Reached skill level 7 in Axes
 12666 | D:11     | Reached skill level 7 in Maces & Flails
 12666 | D:11     | Reached skill level 7 in Polearms
 12666 | D:11     | Reached skill level 7 in Staves
 12666 | D:11     | Reached skill level 7 in Ranged Weapons
 12666 | D:11     | Reached skill level 7 in Throwing
 12666 | D:11     | Reached skill level 7 in Dodging
 12666 | D:11     | Reached skill level 7 in Stealth
 12666 | D:11     | Reached skill level 7 in Shields
 12666 | D:11     | Reached skill level 7 in Unarmed Combat
 12666 | D:11     | Reached skill level 7 in Evocations
 12843 | D:11     | Noticed a cyclops
 12848 | D:11     | Killed a cyclops
 12998 | D:11     | Found a staircase to the Orcish Mines.
 13021 | D:11     | Noticed a boulder beetle
 13026 | D:11     | Killed a boulder beetle
 13027 | D:11     | Reached XP level 12. HP: 91/91 MP: 11/24
 13307 | D:12     | Reached skill level 6 in Conjurations
 13307 | D:12     | Reached skill level 6 in Hexes
 13307 | D:12     | Reached skill level 6 in Summonings
 13307 | D:12     | Reached skill level 6 in Necromancy
 13307 | D:12     | Reached skill level 6 in Translocations
 13307 | D:12     | Reached skill level 6 in Fire Magic
 13307 | D:12     | Reached skill level 6 in Ice Magic
 13307 | D:12     | Reached skill level 6 in Air Magic
 13307 | D:12     | Reached skill level 6 in Earth Magic
 13584 | D:12     | Noticed Fannar
 13586 | D:12     | Killed Fannar
 13587 | D:12     | Reached skill level 8 in Invocations
 13691 | D:12     | Reached skill level 9 in Spellcasting
 13802 | D:12     | You pick up a book of Alchemy and begin reading...
 13802 | D:12     | You add the spells Sublimation of Blood and Irradiate to
                  | your library.
 13882 | D:12     | Reached skill level 10 in Armour
 14694 | D:13     | Noticed a catoblepas
 14701 | D:13     | Killed a catoblepas
 14782 | D:13     | Noticed a vault guard
 14782 | D:13     | Noticed a vault guard
 14785 | D:13     | Killed a vault guard
 14785 | D:13     | Killed a vault guard
 14785 | D:13     | Reached *** piety under Sif Muna
 14785 | D:13     | Noticed a vault guard
 14786 | D:13     | Noticed a vault guard
 14787 | D:13     | Noticed a vault guard
 14787 | D:13     | Noticed a vault guard
 14789 | D:13     | Noticed a vault guard
 14789 | D:13     | Noticed a vault guard
 14790 | D:13     | Killed a vault guard
 14790 | D:13     | Killed a vault guard
 14791 | D:13     | Reached skill level 8 in Fighting
 14791 | D:13     | Reached skill level 8 in Short Blades
 14791 | D:13     | Reached skill level 8 in Long Blades
 14791 | D:13     | Reached skill level 8 in Axes
 14791 | D:13     | Reached skill level 8 in Maces & Flails
 14791 | D:13     | Reached skill level 8 in Polearms
 14791 | D:13     | Reached skill level 8 in Staves
 14791 | D:13     | Reached skill level 8 in Ranged Weapons
 14791 | D:13     | Reached skill level 8 in Throwing
 14791 | D:13     | Reached skill level 8 in Dodging
 14791 | D:13     | Reached skill level 8 in Stealth
 14791 | D:13     | Reached skill level 8 in Shields
 14791 | D:13     | Reached skill level 8 in Unarmed Combat
 14791 | D:13     | Reached skill level 8 in Evocations
 14792 | D:13     | Killed a vault guard
 14792 | D:13     | Killed a vault guard
 14930 | D:13     | Noticed a centaur warrior
 14932 | D:13     | Reached XP level 13. HP: 85/98 MP: 16/26
 14982 | D:13     | Reached skill level 9 in Invocations
 15064 | D:12     | Reached skill level 8 in Transmutations
 15134 | D:13     | Found a gate to the Vaults.
 15291 | D:13     | Killed a vault guard
 15292 | D:13     | Reached skill level 7 in Conjurations
 15292 | D:13     | Reached skill level 7 in Hexes
 15292 | D:13     | Reached skill level 7 in Summonings
 15292 | D:13     | Reached skill level 7 in Necromancy
 15292 | D:13     | Reached skill level 7 in Translocations
 15292 | D:13     | Reached skill level 7 in Fire Magic
 15292 | D:13     | Reached skill level 7 in Ice Magic
 15292 | D:13     | Reached skill level 7 in Air Magic
 15292 | D:13     | Reached skill level 7 in Earth Magic
 15292 | D:13     | Reached skill level 9 in Poison Magic
 15519 | D:13     | Killed a vault guard
 15726 | D:14     | Reached skill level 10 in Spellcasting
 15934 | D:14     | Learned a level 5 spell: Irradiate
 15940 | D:14     | Learned a level 5 spell: Summon Forest
 16003 | D:14     | Found a hazy altar of Hepliaklqana.
 16572 | D:15     | Entered Level 15 of the Dungeon
 16689 | D:15     | Reached skill level 11 in Armour
 17009 | D:15     | HP: 24/100 [stone giant zombie (31)]
 17015 | D:15     | Reached skill level 9 in Fighting
 17015 | D:15     | Reached skill level 9 in Short Blades
 17015 | D:15     | Reached skill level 9 in Long Blades
 17015 | D:15     | Reached skill level 9 in Axes
 17015 | D:15     | Reached skill level 9 in Maces & Flails
 17015 | D:15     | Reached skill level 9 in Polearms
 17015 | D:15     | Reached skill level 9 in Staves
 17015 | D:15     | Reached skill level 9 in Ranged Weapons
 17015 | D:15     | Reached skill level 9 in Throwing
 17015 | D:15     | Reached skill level 9 in Dodging
 17015 | D:15     | Reached skill level 9 in Stealth
 17015 | D:15     | Reached skill level 9 in Shields
 17015 | D:15     | Reached skill level 9 in Unarmed Combat
 17015 | D:15     | Reached skill level 9 in Evocations
 17481 | D:15     | Found a staircase to the Depths.
 17490 | D:15     | Reached **** piety under Sif Muna
 17589 | D:15     | Reached skill level 10 in Invocations
 17589 | D:15     | Reached XP level 14. HP: 108/108 MP: 22/28
 18703 | D:15     | Learned a level 5 spell: Summon Mana Viper
 18917 | Orc:1    | Entered Level 1 of the Orcish Mines
 19073 | Orc:1    | Found Lisotea's Distillery.
 19377 | Orc:1    | Bought a potion of brilliance for 52 gold pieces
 19377 | Orc:1    | Bought a potion of magic for 104 gold pieces
 19745 | Orc:2    | Entered Level 2 of the Orcish Mines
 19918 | Orc:2    | Reached ***** piety under Sif Muna
 20426 | Orc:2    | Reached skill level 8 in Conjurations
 20426 | Orc:2    | Reached skill level 8 in Hexes
 20426 | Orc:2    | Reached skill level 8 in Summonings
 20426 | Orc:2    | Reached skill level 8 in Necromancy
 20426 | Orc:2    | Reached skill level 8 in Translocations
 20426 | Orc:2    | Reached skill level 8 in Fire Magic
 20426 | Orc:2    | Reached skill level 8 in Ice Magic
 20426 | Orc:2    | Reached skill level 8 in Air Magic
 20426 | Orc:2    | Reached skill level 8 in Earth Magic
 20436 | Orc:2    | Found Evyletys's Assorted Antiques.
 20436 | Orc:2    | Found Wiucsukk's Jewellery Shop.
 20535 | Orc:2    | Found Soniwyec's Assorted Antiques.
 20548 | Orc:2    | Found Welaadef's Antique Armour Boutique.
 20589 | Orc:2    | Reached skill level 9 in Transmutations
 20958 | Orc:2    | Found a staircase to the Elven Halls.
 21307 | Orc:2    | Bought an opalescent robe for 165 gold pieces
 21307 | Orc:2    | Identified the +0 robe "Bosiokhy" {Str-2 SInv Stlth+} (You
                  | bought it in a shop on level 2 of the Orcish Mines)
 21314 | Orc:2    | Bought a scroll of teleportation for 90 gold pieces
 21444 | Lair:1   | Entered Level 1 of the Lair of Beasts
 21546 | Lair:1   | Reached skill level 11 in Spellcasting
 22077 | Lair:1   | Reached skill level 10 in Poison Magic
 22725 | Lair:2   | Identified the +3 falchion "Duakib" {heavy, rPois rF-
                  | Str+8}
 22735 | Lair:2   | Found a transporter.
 22736 | Lair:2   | Found a transporter.
 22898 | Lair:2   | Received a gift from Sif Muna
 22899 | Lair:2   | You add the spells Magic Dart, Summon Small Mammal,
                  | Momentum Strike and Summon Ice Beast to your library.
 22899 | Lair:2   | Got Sif Muna's Dissertation on the Allied Discharge {god
                  | gift}
 22922 | Lair:2   | Noticed MathMan16's ghost (journeyman DjFE)
 22977 | Lair:2   | Reached skill level 10 in Fighting
 22977 | Lair:2   | Reached skill level 10 in Short Blades
 22977 | Lair:2   | Reached skill level 10 in Long Blades
 22977 | Lair:2   | Reached skill level 10 in Axes
 22977 | Lair:2   | Reached skill level 10 in Maces & Flails
 22977 | Lair:2   | Reached skill level 10 in Polearms
 22977 | Lair:2   | Reached skill level 10 in Staves
 22977 | Lair:2   | Reached skill level 10 in Ranged Weapons
 22977 | Lair:2   | Reached skill level 10 in Throwing
 22977 | Lair:2   | Reached skill level 10 in Dodging
 22977 | Lair:2   | Reached skill level 10 in Stealth
 22977 | Lair:2   | Reached skill level 10 in Shields
 22977 | Lair:2   | Reached skill level 10 in Unarmed Combat
 22977 | Lair:2   | Reached skill level 10 in Evocations
 23296 | Lair:2   | Found a bloodstained altar of Trog.
 23402 | Lair:2   | Reached XP level 15. HP: 115/115 MP: 15/30
 23406 | Lair:2   | Reached skill level 12 in Armour
 23406 | Lair:2   | Reached skill level 11 in Invocations
 24279 | Lair:3   | You pick up a book of Changes and begin reading...
 24279 | Lair:3   | You add the spells Wereblood and Spider Form to your
                  | library.
 24695 | Lair:3   | Identified the +3 scimitar "Transmigrator" {drain, rElec
                  | Int+2}
 24764 | Lair:3   | Noticed Gastronok
 24769 | Lair:3   | Killed Gastronok
 24887 | Lair:3   | Received a gift from Sif Muna
 24888 | Lair:3   | You pick up a book of the Dragon and begin reading...
 24888 | Lair:3   | You add the spells Cause Fear, Dragon Form and Dragon's
                  | Call to your library.
 24973 | Lair:3   | Found a staircase to the Shoals.
 25024 | Lair:3   | You pick up a book of Spatial Translocations and begin
                  | reading...
 25024 | Lair:3   | You add the spells Blink and Lesser Beckoning to your
                  | library.
 25032 | Lair:3   | Learned a level 6 spell: Statue Form
 25035 | Lair:3   | Learned a level 2 spell: Lesser Beckoning
 25069 | Lair:3   | Found a staircase to the Snake Pit.
 25653 | Lair:4   | Found a staircase to the Slime Pits.
 26665 | Lair:5   | Entered Level 5 of the Lair of Beasts
 26670 | Lair:5   | Reached skill level 9 in Conjurations
 26670 | Lair:5   | Reached skill level 9 in Hexes
 26670 | Lair:5   | Reached skill level 9 in Summonings
 26670 | Lair:5   | Reached skill level 9 in Necromancy
 26670 | Lair:5   | Reached skill level 9 in Translocations
 26670 | Lair:5   | Reached skill level 9 in Fire Magic
 26670 | Lair:5   | Reached skill level 9 in Ice Magic
 26670 | Lair:5   | Reached skill level 9 in Air Magic
 26670 | Lair:5   | Reached skill level 9 in Earth Magic
 27194 | Lair:5   | You pick up a book of Conjurations and begin reading...
 27194 | Lair:5   | You add the spells Searing Ray and Fulminant Prism to your
                  | library.
 27284 | Lair:5   | Received a gift from Sif Muna
 27285 | Lair:5   | You add the spells Static Discharge, Cigotuvi's Dreadful
                  | Rot, Summon Lightning Spire, Plasma Beam and Necromutation
                  | to your library.
 27285 | Lair:5   | Got Fytaotep's Compendium of Fulgurous Open Graves {god
                  | gift}
 27423 | Lair:5   | Reached skill level 10 in Transmutations
 27443 | Lair:5   | Reached skill level 12 in Spellcasting
 27443 | Lair:5   | Reached XP level 16. HP: 124/124 MP: 1/32
 28064 | Lair:5   | Reached skill level 11 in Fighting
 28064 | Lair:5   | Reached skill level 11 in Short Blades
 28064 | Lair:5   | Reached skill level 11 in Long Blades
 28064 | Lair:5   | Reached skill level 11 in Axes
 28064 | Lair:5   | Reached skill level 11 in Maces & Flails
 28064 | Lair:5   | Reached skill level 11 in Polearms
 28064 | Lair:5   | Reached skill level 11 in Staves
 28064 | Lair:5   | Reached skill level 11 in Ranged Weapons
 28064 | Lair:5   | Reached skill level 11 in Throwing
 28064 | Lair:5   | Reached skill level 11 in Dodging
 28064 | Lair:5   | Reached skill level 11 in Stealth
 28064 | Lair:5   | Reached skill level 11 in Shields
 28064 | Lair:5   | Reached skill level 11 in Unarmed Combat
 28064 | Lair:5   | Reached skill level 11 in Evocations
 28136 | Lair:5   | Reached skill level 12 in Invocations
 28665 | Shoals:1 | Entered Level 1 of the Shoals
 28697 | Shoals:1 | Learned a level 6 spell: Plasma Beam
 28949 | Shoals:1 | Noticed a kraken
 28956 | Shoals:1 | Killed a kraken
 29474 | Shoals:1 | Reached skill level 11 in Poison Magic
 29739 | Shoals:1 | Identified the +8 dagger of Fimbulwinter {holy, Dex+3}
 29852 | Shoals:1 | Reached skill level 13 in Armour
 30155 | Shoals:2 | Received a gift from Sif Muna
 30156 | Shoals:2 | You add the spells Foxfire, Mephitic Cloud, Sticky Flame
                  | and Ignition to your library.
 30156 | Shoals:2 | Got Xaodd's Verses on the Summer and Venin {god gift}
 30888 | Shoals:2 | Noticed Mlioglotl
 30902 | Shoals:2 | Noticed a tentacled starspawn
 30903 | Shoals:2 | Killed Mlioglotl
 31205 | Shoals:2 | Found an ancient bone altar of Kikubaaqudgha.
 31971 | Shoals:3 | Reached XP level 17. HP: 133/133 MP: 25/33
 32336 | Shoals:3 | Reached skill level 10 in Conjurations
 32336 | Shoals:3 | Reached skill level 10 in Hexes
 32336 | Shoals:3 | Reached skill level 10 in Summonings
 32336 | Shoals:3 | Reached skill level 10 in Necromancy
 32336 | Shoals:3 | Reached skill level 10 in Translocations
 32336 | Shoals:3 | Reached skill level 10 in Fire Magic
 32336 | Shoals:3 | Reached skill level 10 in Ice Magic
 32336 | Shoals:3 | Reached skill level 10 in Air Magic
 32336 | Shoals:3 | Reached skill level 10 in Earth Magic
 32976 | Shoals:3 | Received a gift from Sif Muna
 32977 | Shoals:3 | You add the spells Call Imp, Ice Form, Blade Hands,
                  | Spellforged Servitor and Monstrous Menagerie to your
                  | library.
 32977 | Shoals:3 | Got Sif Muna's Grimoire of Supportive Shaping {god gift}
 32982 | Shoals:3 | Reached skill level 13 in Invocations
 33220 | Shoals:3 | Found Zenoisow's Weapon Emporium.
 33355 | Shoals:4 | Entered Level 4 of the Shoals
 33358 | Shoals:4 | Reached skill level 12 in Fighting
 33358 | Shoals:4 | Reached skill level 12 in Short Blades
 33358 | Shoals:4 | Reached skill level 12 in Long Blades
 33358 | Shoals:4 | Reached skill level 12 in Axes
 33358 | Shoals:4 | Reached skill level 12 in Maces & Flails
 33358 | Shoals:4 | Reached skill level 12 in Polearms
 33358 | Shoals:4 | Reached skill level 12 in Staves
 33358 | Shoals:4 | Reached skill level 12 in Ranged Weapons
 33358 | Shoals:4 | Reached skill level 12 in Throwing
 33358 | Shoals:4 | Reached skill level 12 in Dodging
 33358 | Shoals:4 | Reached skill level 12 in Stealth
 33358 | Shoals:4 | Reached skill level 12 in Shields
 33358 | Shoals:4 | Reached skill level 12 in Unarmed Combat
 33358 | Shoals:4 | Reached skill level 12 in Evocations
 33380 | Shoals:4 | Noticed Nikola
 33387 | Shoals:4 | Killed Nikola
 33470 | Shoals:4 | Reached skill level 13 in Spellcasting
 34088 | Shoals:4 | Reached skill level 11 in Transmutations
 34097 | Shoals:4 | HP: 27/133 [satyr/arrow (27)]
 34098 | Shoals:4 | HP: 13/133 [satyr/arrow (16)]
 34407 | Shoals:4 | Louise the Corrupted comes into view. She is wielding a +3
                  | trident of protection and wearing the amulet of the Four
                  | Winds {rN+ Will+++ Clar}.
 34407 | Shoals:4 | Noticed Louise
 34408 | Shoals:4 | Aim: Louise, wielding a +3 trident of protection, wearing a
                  | +0 chain mail, wearing a +0 tower shield and wearing the
                  | amulet of the Four Winds {rN+ Will+++ Clar} (wandering,
                  | hasn't noticed you)
 34408 | Shoals:4 | Aim: Louise, wielding a +3 trident of protection, wearing a
                  | +0 chain mail, wearing a +0 tower shield and wearing the
                  | amulet of the Four Winds {rN+ Will+++ Clar} (wandering,
                  | hasn't noticed you)
 34409 | Shoals:4 | Aim: Louise, wielding a +3 trident of protection, wearing a
                  | +0 chain mail, wearing a +0 tower shield and wearing the
                  | amulet of the Four Winds {rN+ Will+++ Clar} (lightly
                  | wounded, very poisoned)
 34409 | Shoals:4 | Aim: Louise, wielding a +3 trident of protection, wearing a
                  | +0 chain mail, wearing a +0 tower shield and wearing the
                  | amulet of the Four Winds {rN+ Will+++ Clar} (lightly
                  | wounded, very poisoned)
 34410 | Shoals:4 | Killed Louise
 34489 | Shoals:4 | Got a barnacled rune of Zot
 35280 | Lair:3   | Upgraded the game from 0.31-a0-232-gb1c03b2570 to
                  | 0.31-a0-233-g139696dc86
 35280 | Lair:3   | magus.rc [v1.11.3]
 35456 | Snake:1  | Entered Level 1 of the Snake Pit
 35456 | Snake:1  | Found Meulu's General Store.
 35458 | Snake:1  | Noticed Azrael
 35974 | Snake:1  | Killed Azrael
 35975 | Snake:1  | Reached skill level 14 in Armour
 35975 | Snake:1  | Reached XP level 18. HP: 141/141 MP: 12/35
 36175 | Snake:1  | Noticed Frances
 36176 | Snake:1  | Received a gift from Sif Muna
 36183 | Snake:1  | Killed Frances
 36184 | Snake:1  | You add the spells Stone Arrow, Anguish, Borgnjor's Vile
                  | Clutch, Lehudib's Crystal Spear and Borgnjor's
                  | Revivification to your library.
 36184 | Snake:1  | Got Sif Muna's Handbook of the Horrible Xenolith {god gift}
 36644 | Snake:1  | Noticed Donald
 36653 | Snake:1  | Killed Donald
 36654 | Snake:1  | Reached skill level 12 in Poison Magic
 36811 | Snake:1  | Found a radiant altar of Vehumet.
 36879 | Snake:1  | Found Rilit's Jewellery Shop.
 37061 | Snake:1  | Found Moadaly's General Store.
 37074 | Snake:1  | Bought a potion of heal wounds for 75 gold pieces
 37100 | Snake:1  | Found Ipio's Book Shoppe.
 37100 | Snake:1  | Found Donlez's Jewellery Shop.
 37101 | Snake:1  | Found Hune Qac's Book Shoppe.
 37107 | Snake:1  | Bought the Unrestrained Analects for 644 gold pieces
 37107 | Snake:1  | You add the spells Olgreb's Toxic Radiance and Discord to
                  | your library.
 37113 | Snake:1  | Bought the ring of Ucaas {rElec rCorr AC+4 Str-2 Stlth+}
                  | for 1029 gold pieces
 37124 | Snake:1  | Learned a level 4 spell: Olgreb's Toxic Radiance
 37344 | Lair:5   | Learned a level 5 spell: Borgnjor's Vile Clutch
 37806 | Snake:2  | You add the spells Swiftness, Dazzling Flash and Airstrike
                  | to your library.
 37806 | Snake:2  | Got the Codex of Hexes and Air
 38603 | Snake:2  | Identified the +4 mace of Wealth {freeze, Str+3}
 39205 | Snake:3  | Identified Roxanne's Catalogue of Reformation
 39205 | Snake:3  | Noticed Roxanne
 39558 | Snake:3  | Reached skill level 14 in Invocations
 40108 | Snake:3  | Reached skill level 11 in Conjurations
 40108 | Snake:3  | Reached skill level 11 in Hexes
 40108 | Snake:3  | Reached skill level 11 in Summonings
 40108 | Snake:3  | Reached skill level 11 in Necromancy
 40108 | Snake:3  | Reached skill level 11 in Translocations
 40108 | Snake:3  | Reached skill level 11 in Fire Magic
 40108 | Snake:3  | Reached skill level 11 in Ice Magic
 40108 | Snake:3  | Reached skill level 11 in Air Magic
 40108 | Snake:3  | Reached skill level 11 in Earth Magic
 40110 | Snake:3  | Received a gift from Sif Muna
 40114 | Snake:3  | You add the spells Apportation, Inner Flame, Passage of
                  | Golubria and Starburst to your library.
 40114 | Snake:3  | Got Sif Muna's Quarto of the Volcano and Location {god
                  | gift}
 40598 | Snake:3  | Gained mutation: You are weak. (Str -2) [mutagenic glow]
 40810 | Snake:3  | Killed Roxanne
 40811 | Snake:3  | Reached skill level 13 in Fighting
 40811 | Snake:3  | Reached skill level 13 in Short Blades
 40811 | Snake:3  | Reached skill level 13 in Long Blades
 40811 | Snake:3  | Reached skill level 13 in Axes
 40811 | Snake:3  | Reached skill level 13 in Maces & Flails
 40811 | Snake:3  | Reached skill level 13 in Polearms
 40811 | Snake:3  | Reached skill level 13 in Staves
 40811 | Snake:3  | Reached skill level 13 in Ranged Weapons
 40811 | Snake:3  | Reached skill level 13 in Throwing
 40811 | Snake:3  | Reached skill level 13 in Dodging
 40811 | Snake:3  | Reached skill level 13 in Stealth
 40811 | Snake:3  | Reached skill level 13 in Shields
 40811 | Snake:3  | Reached skill level 13 in Unarmed Combat
 40811 | Snake:3  | Reached skill level 13 in Evocations
 40893 | Snake:4  | Entered Level 4 of the Snake Pit
 41106 | Snake:4  | You are cast into the Abyss!
 41106 | Abyss:2  | Cast into level 2 of the Abyss (naga warrior)
 41222 | Snake:4  | You pass through the gate.
 41222 | Snake:4  | Escaped the Abyss
 41320 | Snake:4  | Reached skill level 14 in Spellcasting
 41608 | Snake:4  | Reached XP level 19. HP: 149/149 MP: 14/37
 42318 | Snake:4  | Got Tiusec's Compilation of Gusts
 42402 | Snake:4  | Reached skill level 12 in Transmutations
 42474 | Snake:4  | Received a gift from Sif Muna
 42477 | Snake:4  | You pick up a book of Power and begin reading...
 42477 | Snake:4  | You add the spells Iskenderun's Battlesphere and Leda's
                  | Unmaking to your library.
 42592 | Snake:4  | Got a serpentine rune of Zot
 42977 | Snake:4  | Found Reim's Jewellery Shop.
 43955 | Vaults:1 | Entered Level 1 of the Vaults
 43975 | Vaults:1 | Reached skill level 15 in Armour
 44016 | Vaults:1 | Found Zugiarch's Weapon Shoppe.
 44034 | Vaults:1 | Found Elukheh's Assorted Antiques.
 44063 | Vaults:1 | Found Vuokataw's Armour Shop.
 44093 | Vaults:1 | Found a crumbling gateway.
 44221 | Desolati | Entered the Desolation of Salt
 44239 | Desolati | Received a gift from Sif Muna
 44240 | Desolati | You pick up a book of Necromancy and begin reading...
 44240 | Desolati | You add the spells Necrotise, Vampiric Draining and Agony
                  | to your library.
 44543 | Desolati | Identified the ring "Ruijarph" {rElec rCorr Str+2 Int+3
                  | Dex+4}
 44556 | Desolati | Identified the ring "Qetoe" {Ice +Blink Str+3}
 44632 | Desolati | Reached ****** piety under Sif Muna
 44794 | Desolati | Reached skill level 15 in Invocations
 44885 | Desolati | Got the Tome of the Winter and Arcane Combat
 44886 | Desolati | Identified the amulet "Valoddun" {rPois rF+ Regen+}
 44929 | Desolati | Identified the ring "Ufomonix" {rF++ Will+ Int-4}
 44937 | Desolati | You add the spells Haunt and Malign Gateway to your
                  | library.
 44937 | Desolati | Got the Codex of the Coruscating Entourage
 45040 | Desolati | Identified the ring of the Arcadian Apple {Fire Fly Str+5
                  | Stlth+}
 45158 | Desolati | Reached XP level 20. HP: 93/158 MP: 2/38
 45180 | Desolati | Reached skill level 13 in Poison Magic
 45552 | Desolati | Reached skill level 14 in Fighting
 45552 | Desolati | Reached skill level 14 in Short Blades
 45552 | Desolati | Reached skill level 14 in Long Blades
 45552 | Desolati | Reached skill level 14 in Axes
 45552 | Desolati | Reached skill level 14 in Maces & Flails
 45552 | Desolati | Reached skill level 14 in Polearms
 45552 | Desolati | Reached skill level 14 in Staves
 45552 | Desolati | Reached skill level 14 in Ranged Weapons
 45552 | Desolati | Reached skill level 14 in Throwing
 45552 | Desolati | Reached skill level 14 in Dodging
 45552 | Desolati | Reached skill level 14 in Stealth
 45552 | Desolati | Reached skill level 14 in Shields
 45552 | Desolati | Reached skill level 14 in Unarmed Combat
 45552 | Desolati | Reached skill level 14 in Evocations
 45662 | Desolati | Identified the +3 plate armour "Jenk" {Harm Rampage Stlth+}
 45664 | Desolati | You pick up a book of Geomancy and begin reading...
 45664 | Desolati | You add the spells Sandblast and Passwall to your library.
 45857 | Desolati | Received a gift from Sif Muna
 45858 | Desolati | You add the spells Leda's Liquefaction and Death's Door to
                  | your library.
 45858 | Desolati | Got Sif Muna's Handbook of the Dark Fault {god gift}
 46096 | Vaults:1 | You pick up a book of the Tundra and begin reading...
 46096 | Vaults:1 | You add the spells Hailstorm and Simulacrum to your
                  | library.
 46358 | Vaults:1 | Found Moroicaf's Antique Weapon Shop.
 46465 | Vaults:1 | Reached skill level 12 in Conjurations
 46465 | Vaults:1 | Reached skill level 12 in Hexes
 46465 | Vaults:1 | Reached skill level 12 in Summonings
 46465 | Vaults:1 | Reached skill level 12 in Necromancy
 46465 | Vaults:1 | Reached skill level 12 in Translocations
 46465 | Vaults:1 | Reached skill level 12 in Fire Magic
 46465 | Vaults:1 | Reached skill level 12 in Ice Magic
 46465 | Vaults:1 | Reached skill level 12 in Air Magic
 46465 | Vaults:1 | Reached skill level 12 in Earth Magic
 47100 | Vaults:1 | Found Osofuodi's Jewellery Boutique.
 47170 | Vaults:1 | Reached skill level 15 in Spellcasting
 47752 | Vaults:2 | Received a gift from Sif Muna
 47753 | Vaults:2 | You add the spells Alistair's Intoxication, Death Channel
                  | and Storm Form to your library.
 47753 | Vaults:2 | Got Sif Muna's Anthology of Shadowy Transfiguration {god
                  | gift}
 48270 | Vaults:2 | You pick up a book of Ice and begin reading...
 49013 | Vaults:2 | Reached XP level 21. HP: 166/166 MP: 23/40
 49129 | Vaults:2 | Noticed Asterion
 49132 | Vaults:2 | Reached skill level 13 in Transmutations
 49136 | Vaults:2 | Killed Asterion
 49431 | Vaults:2 | Received a gift from Sif Muna
 49435 | Vaults:2 | You add the spells Scorch, Volatile Blastmotes and
                  | Iskenderun's Mystic Blast to your library.
 49435 | Vaults:2 | Got Sif Muna's Handbook of Bruises and the Salamander {god
                  | gift}
 50010 | Vaults:3 | Reached skill level 16 in Armour
 50012 | Vaults:3 | Reached skill level 16 in Invocations
 50498 | Vaults:3 | Found Ixotump's Antique Armour Shop.
 50537 | Vaults:3 | Found a staircase to the Crypt.
 51666 | Vaults:3 | Identified a +0 crystal plate armour
 51777 | Vaults:3 | Could not pick up a +0 crystal plate armour {rare} here;
                  | ([A]lways) ignore it?
 51843 | Vaults:4 | Reached skill level 15 in Fighting
 51843 | Vaults:4 | Reached skill level 15 in Short Blades
 51843 | Vaults:4 | Reached skill level 15 in Long Blades
 51843 | Vaults:4 | Reached skill level 15 in Axes
 51843 | Vaults:4 | Reached skill level 15 in Maces & Flails
 51843 | Vaults:4 | Reached skill level 15 in Polearms
 51843 | Vaults:4 | Reached skill level 15 in Staves
 51843 | Vaults:4 | Reached skill level 15 in Ranged Weapons
 51843 | Vaults:4 | Reached skill level 15 in Throwing
 51843 | Vaults:4 | Reached skill level 15 in Dodging
 51843 | Vaults:4 | Reached skill level 15 in Stealth
 51843 | Vaults:4 | Reached skill level 15 in Shields
 51843 | Vaults:4 | Reached skill level 15 in Unarmed Combat
 51843 | Vaults:4 | Reached skill level 15 in Evocations
 52026 | Vaults:4 | Identified the +7 sling of Nailoypn {speed, Drain Dex+4}
 52320 | Vaults:4 | Received a gift from Sif Muna
 52321 | Vaults:4 | You add the spells Freeze, Teleport Other, Manifold Assault
                  | and Disjunction to your library.
 52321 | Vaults:4 | Got Sinocs's Omnibus of Places and Ice {god gift}
 52994 | Vaults:4 | Acquired 680 gold pieces
 53017 | Vaults:3 | magus.rc [v1.11.3]
 53382 | Vaults:4 | Reached skill level 14 in Poison Magic
 53706 | Vaults:4 | Reached skill level 16 in Spellcasting
 53710 | Vaults:4 | Reached skill level 13 in Conjurations
 53710 | Vaults:4 | Reached skill level 13 in Hexes
 53710 | Vaults:4 | Reached skill level 13 in Summonings
 53710 | Vaults:4 | Reached skill level 13 in Necromancy
 53710 | Vaults:4 | Reached skill level 13 in Translocations
 53710 | Vaults:4 | Reached skill level 13 in Fire Magic
 53710 | Vaults:4 | Reached skill level 13 in Ice Magic
 53710 | Vaults:4 | Reached skill level 13 in Air Magic
 53710 | Vaults:4 | Reached skill level 13 in Earth Magic
 53713 | Vaults:4 | Reached XP level 22. HP: 175/175 MP: 19/42
 53880 | Vaults:4 | Noticed a dread lich
 53886 | Vaults:4 | Killed a dread lich
 53996 | Vaults:4 | Identified the +5 war axe of the Final Chapter {drain,
                  | Int+3}
 53997 | Vaults:4 | Identified the ring "Uxiylekk" {Drain rElec rN+ SInv}
 54646 | Elf:1    | Entered Level 1 of the Elven Halls
 54816 | Elf:1    | You pick up a book of Dreams and begin reading...
 54825 | Elf:1    | Learned a level 7 spell: Monstrous Menagerie
 55084 | Elf:1    | Found Mavif's Weapon Shop.
 55441 | Elf:1    | Got Vehumet's Grimoire of Impulse
 55682 | Elf:1    | Found Eprewkefiz's Antique Armour Shoppe.
 56204 | Elf:2    | Received a gift from Sif Muna
 56205 | Elf:2    | You add the spells Dispersal and Eringya's Noxious Bog to
                  | your library.
 56205 | Elf:2    | Got Sif Muna's Yet Another Octavo About Incantation {god
                  | gift}
 56472 | Elf:2    | Found a runed translucent gate.
 56474 | Elf:2    | Found a runed translucent gate.
 56474 | Elf:2    | Found a runed translucent gate.
 56576 | Elf:3    | Entered Level 3 of the Elven Halls
 56685 | Elf:3    | Found Fatimpet's Jewellery Shop.
 56890 | Elf:3    | Found Omibb's Magic Scroll Emporium.
 56903 | Elf:3    | Found Moiqio's Antique Weapon Boutique.
 56976 | Elf:3    | Found Hiokhalu's Assorted Antiques.
 57437 | Elf:3    | Identified the +2 broad axe of Capital Punishment {flame,
                  | Drain rN+ Str+3}
 57464 | Elf:3    | Identified the +7 long sword "Osaovej" {vamp, rF+ Int+4
                  | Dex-4}
 57474 | Elf:3    | Reached skill level 16 in Fighting
 57477 | Elf:3    | Reached skill level 17 in Invocations
 57607 | Elf:3    | Identified the staff of Compound Interest {Fragile rPois
                  | rN+ Will+ Necro}
 57771 | Elf:3    | Identified +0 gold dragon scales
 57884 | Elf:3    | Could not pick up +0 gold dragon scales {rare} here;
                  | ([A]lways) ignore it?
 57889 | Elf:3    | v - +0 gold dragon scales {rare}
 57919 | Elf:3    | Identified the ring of Tetoagiuh {rElec rF- Will+++ EV+5
                  | Dex-5}
 57978 | Elf:3    | Got the Compendium of Displacement
 57998 | Elf:3    | Got the Exposition on Curses and the Crypt
 58008 | Elf:3    | You pick up a book of the Dragon and begin reading...
 58110 | Elf:3    | You pick up a book of Unlife and begin reading...
 58287 | Elf:3    | Identified the +1 orcbow of Mourning {flame, rElec Int+2}
 58329 | Elf:3    | Identified the +2 rapier of the Wolf {flame, rF+ rC+ SInv}
 58359 | Elf:3    | Got the Papyrus of Shifting
 58821 | Elf:3    | You finish putting on your +0 gold dragon scales {rare}.
 58826 | Elf:3    | You finish taking off your +0 gold dragon scales {rare}.
 58831 | Elf:3    | You drop +0 gold dragon scales {rare}.
 58993 | Elf:3    | Bought a scroll of enchant armour for 127 gold pieces
 59047 | Elf:2    | Reached skill level 17 in Armour
 59051 | Elf:2    | Reached skill level 14 in Transmutations
 59054 | Elf:2    | Noticed Jorgrun
 59684 | Elf:2    | Noticed Zenata
 59688 | Elf:2    | Killed Zenata
 59708 | Elf:2    | Received a gift from Sif Muna
 59709 | Elf:2    | You add the spells Silence and Maxwell's Capacitive
                  | Coupling to your library.
 59709 | Elf:2    | Got Sif Muna's Elucidation of the Warrior-Mage {god gift}
 59816 | Elf:2    | Gained mutation: Armour fits poorly on your strangely
                  | shaped body. [mutagenic glow]
 59833 | Elf:2    | Killed Jorgrun
 59834 | Elf:2    | Reached XP level 23. HP: 185/185 MP: 6/43
 59979 | Elf:2    | a +0 eveningstar of flaming {rare}; a +2 battleaxe of
                  | electrocution
 60416 | Elf:3    | Bought a scroll of teleportation for 51 gold pieces
 60416 | Elf:3    | Bought a scroll of teleportation for 51 gold pieces
 60549 | Elf:2    | a +0 eveningstar of flaming {rare}; a +2 battleaxe of
                  | electrocution
 60785 | Depths:1 | Entered Level 1 of the Depths
 60787 | Depths:1 | Found a gateway to Hell.
 60839 | Depths:1 | Reached skill level 16 in Short Blades
 60839 | Depths:1 | Reached skill level 16 in Long Blades
 60839 | Depths:1 | Reached skill level 16 in Axes
 60839 | Depths:1 | Reached skill level 16 in Maces & Flails
 60839 | Depths:1 | Reached skill level 16 in Polearms
 60839 | Depths:1 | Reached skill level 16 in Staves
 60839 | Depths:1 | Reached skill level 16 in Ranged Weapons
 60839 | Depths:1 | Reached skill level 16 in Throwing
 60839 | Depths:1 | Reached skill level 16 in Dodging
 60839 | Depths:1 | Reached skill level 16 in Stealth
 60839 | Depths:1 | Reached skill level 16 in Shields
 60839 | Depths:1 | Reached skill level 16 in Unarmed Combat
 60839 | Depths:1 | Reached skill level 16 in Evocations
 61013 | Depths:1 | Found Semirob's Demolitions Depot.
 61679 | Depths:1 | Paralysed by a floating eye for 3 turns
 62158 | Depths:1 | Paralysed by a floating eye for 3 turns
 62278 | Depths:2 | Found a one-way gateway to a ziggurat.
 62823 | Depths:2 | Reached skill level 17 in Fighting
 63061 | Depths:2 | Found a one-way gate leading to the halls of Pandemonium.
 63341 | Depths:2 | Noticed a golden dragon
 63343 | Depths:2 | Lost mutation: Your mind is acute. (Int +4, Str/Dex -1)
                  | [mutagenic glow]
 63571 | Depths:1 | Lost mutation: Armour fits poorly on your strangely shaped
                  | body. [potion of mutation]
 63571 | Depths:1 | Lost mutation: You are partially covered in iridescent
                  | scales. (AC +2) [potion of mutation]
 63571 | Depths:1 | Gained mutation: Your flesh is heat resistant. (rF+)
                  | [potion of mutation]
 63571 | Depths:1 | Gained mutation: You expend magic power (3 MP) to
                  | strengthen your wands. [potion of mutation]
 63571 | Depths:1 | Gained mutation: You possess an exceptional clarity of
                  | mind. [potion of mutation]
 63605 | Depths:2 | Received a gift from Sif Muna
 63606 | Depths:2 | You add the spells Call Canine Familiar and Summon Hydra to
                  | your library.
 63606 | Depths:2 | Got Japser's Tome of Familiar Composition {god gift}
 63835 | Depths:2 | HP: 55/244 [living spell/crystal spear[a walking crystal
                  | tome] (21)]
 64087 | Depths:1 | Reached skill level 17 in Spellcasting
 64677 | Depths:2 | Killed a golden dragon
 64820 | Depths:2 | You pick up a book of Iron and begin reading...
 64848 | Depths:2 | You pick up a book of the Tundra and begin reading...
 64877 | Depths:2 | Got Ozoav's Meditations on Anemomancy
 64978 | Depths:2 | Upgraded the game from 0.31-a0-233-g139696dc86 to
                  | 0.31-a0-236-g9a0961fb85
 64978 | Depths:2 | magus.rc [v1.11.3]
 65033 | Depths:3 | Found Geall's Magic Scroll Shop.
 65033 | Depths:3 | Found Enwireet's Antique Armour Boutique.
 65053 | Depths:3 | Bought a scroll of blinking for 187 gold pieces
 65148 | Depths:3 | Found a one-way gate to the infinite horrors of the Abyss.
 65522 | Depths:3 | Reached skill level 14 in Conjurations
 65522 | Depths:3 | Reached skill level 14 in Hexes
 65522 | Depths:3 | Reached skill level 14 in Summonings
 65522 | Depths:3 | Reached skill level 14 in Necromancy
 65522 | Depths:3 | Reached skill level 14 in Translocations
 65522 | Depths:3 | Reached skill level 14 in Fire Magic
 65522 | Depths:3 | Reached skill level 14 in Ice Magic
 65522 | Depths:3 | Reached skill level 14 in Air Magic
 65522 | Depths:3 | Reached skill level 14 in Earth Magic
 65544 | Depths:3 | HP: 61/244 [spark wasp simulacrum[a necromancer] (14)]
 66266 | Depths:3 | Noticed Vv
 66267 | Depths:3 | Reached skill level 15 in Poison Magic
 66948 | Depths:3 | HP: 57/244 [Vv/creeping frost (56)]
 66949 | Depths:3 | Demolished by Vv

Vanquished Creatures
  A dread lich (Vaults:4)
  Nikola (Shoals:4)
  A golden dragon (Depths:2)
  Mlioglotl (Shoals:2)
  Zenata (Elf:2)
  Jorgrun (Elf:2)
  2 deep elf master archers (Elf:3)
  A deep elf blademaster (Elf:3)
  A titan (Depths:3)
  2 liches (Depths:3)
  Gastronok (Lair:3)
  A walking divine tome (Depths:3)
  A kraken (Shoals:1)
  Frances (Snake:1)
  2 sphinxes
  A shadow dragon (Vaults:2)
  Donald (Snake:1)
  16 nagarajas (Snake:4)
  2 tengu reavers
  A revenant (Vaults:3)
  Roxanne (Snake:3)
  A fire giant (Depths:2)
  4 deep elf sorcerers (Elf:3)
  A caustic shrike zombie (D:15)
  3 imperial myrmidons (Desolation)
  5 frost giants
  Louise (Shoals:4)
  10 vault wardens
  A war gargoyle (Vaults:4)
  An orc warlord (Vaults:1)
  3 deep elf elementalists
  6 very ugly things
  7 stone giants
  2 formless jellyfish
  2 vampire knights
  7 deep elf demonologists (Elf:3)
  22 ironbound preservers
  8 ironbound thunderhulks
  A halazid warlock (Desolation)
  7 deep elf annihilators
  Azrael (Snake:1)
  12 dire elephants
  4 crystal guardians
  2 eidola
  7 deep elf death magi (Elf:3)
  7 merfolk javelineers
  2 entropy weavers (shapeshifter)
  An entropy weaver (Vaults:3)
  2 fire dragons
  9 yaktaur captains
  2 ettins (Depths:3)
  7 merfolk impalers
  4 rakshasas
  5 great orbs of eyes
  A deep elf high priest (Elf:3)
  10 ragged hierophants (Desolation)
  6 servants of whispers (Desolation)
  8 vault guards (D:13)
  4 ice dragons
  A caustic shrike simulacrum (Depths:3)
  2 hydras
  Fannar (D:12)
  8 peacekeepers
  3 spriggan air magi
  12 ironbound frosthearts
  2 salamander tyrants
  4 merfolk avatars
  6 catoblepae
  15 dancing weapons
  11 anacondas
  5 merfolk aquamancers
  3 two-headed ogres
  15 centaur warriors
  5 deep troll shamans
  13 death yaks
  13 naga warriors
  2 alligator snapping turtles (Shoals:3)
  2 boulder beetles
  3 satyrs
  8 naga sharpshooters
  6 shock serpents
  5 tengu warriors
  2 vampire magi
  8 deep troll earth magi
  4 orc high priests (Orc:2)
  A storm dragon zombie (D:15)
  11 deep elf knights
  3 spriggan berserkers
  Sonja (D:11)
  A soul eater (Depths:2)
  3 hell knights
  2 skeletal warriors
  A large abomination (Abyss:2)
  A shadow wraith (Vaults:4)
  7 iron trolls
  4 salamander mystics
  A sea snake (shapeshifter) (Depths:2)
  2 skysharks
  67 deep trolls
  13 sea snakes
  8 naga ritualists
  A glowing orange brain (Vaults:1)
  A tengu zombie (D:15)
  6 deep elf archers (Elf:3)
  9 wizards
  Pikel (D:8)
  15 harpies
  17 ironbound convokers
  16 lindwurms
  A harpy (shapeshifter) (D:14)
  A phantasmal warrior (D:15)
  23 deep elf zephyrmancers
  4 orc knights
  5 necromancers
  14 mana vipers
  A stone giant zombie (D:15)
  4 orc sorcerers
  25 ugly things
  26 deep elf pyromancers
  A moth of wrath (D:10)
  23 manticores
  11 fauns
  14 salamanders
  A worldbinder (Abyss:2)
  23 elephants
  12 vault sentinels
  23 black mambas
  7 merfolk sirens
  10 guardian serpents
  9 cyclopes
  A smoke demon (Abyss:2)
  18 naga magi
  8 cane toads
  An orange demon (Depths:2)
  12 water nymphs
  An efreet (D:13)
  Psyche (D:8)
  2 rime drakes
  3 kobold demonologists (D:12)
  2 torpor snails
  16 yaktaurs
  11 komodo dragons
  2 ice devils (Depths:2)
  A freezing wraith (Vaults:4)
  A guardian mummy (D:15)
  A spark wasp simulacrum (Depths:3)
  5 trolls
  19 merfolk
  3 polar bears
  4 hornets
  3 snapping turtles
  Prince Ribbit (D:8)
  43 saltlings (Desolation)
  11 wind drakes
  23 dream sheep
  9 blink frogs
  A raiju (shapeshifter) (D:15)
  A small abomination (Snake:4)
  11 slime creatures
  A shadow (D:9)
  15 water elementals
  4 wyverns
  63 yaks
  A vampire (D:11)
  4 wraiths
  8 fire elementals
  4 basilisks
  3 chaos spawn (Depths:2)
  2 steam dragons
  8 vampire mosquitoes
  A spatial vortex (Snake:4)
  A warg (Orc:2)
  An acid dragon (D:10)
  38 nagas
  Duvessa (D:5)
  2 floating eyes (Depths:1)
  5 water moccasins
  3 hell hounds
  29 orc warriors
  3 sky beasts
  A black bear (Lair:3)
  An ice beast (shapeshifter) (Depths:3)
  23 wolves
  8 boggarts (Vaults:1)
  20 centaurs
  11 ogres
  A phantom (D:6)
  12 bullfrogs
  2 kobold brigands
  A gnoll sergeant (D:6)
  A scorpion (D:6)
  9 wights
  Dowan (D:5)
  A hornet simulacrum (D:14)
  5 killer bees (D:10)
  10 electric eels
  4 howler monkeys
  3 hounds
  2 jellies
  28 orc priests
  2 gnoll boudas
  A sleepcap (D:6)
  3 iguanas
  27 orc wizards
  14 gnolls
  9 adders
  A shadow imp (D:3)
  A white imp (D:7)
  A nameless horror (Snake:2)
  6 worms
  6 dart slugs
  80 orcs
  6 ball pythons
  7 endoplasms
  A giant cockroach (D:2)
  3 hobgoblins
  3 jackals (D:3)
  11 kobolds
  6 quokkas
  2 bats (D:1)
  2 frilled lizards
  4 goblins
  4 rats
1571 creatures vanquished.

Vanquished Creatures (collateral kills)
  A walking crystal tome (Depths:1)
  A deep elf blademaster (Elf:3)
  A nagaraja (Snake:4)
  2 fire giants (Depths:2)
  An ironbound preserver (Vaults:4)
  4 fire dragons
  A blizzard demon (Depths:2)
  A merfolk impaler (Shoals:3)
  2 rakshasas
  A deep elf high priest (Elf:3)
  A peacekeeper (Vaults:4)
  An ice dragon (Depths:2)
  3 hydras
  An anaconda (Snake:3)
  A naga warrior (Snake:2)
  9 dancing weapons
  A death yak (Lair:4)
  A naga sharpshooter (Snake:1)
  A deep troll earth mage (Depths:3)
  2 deep trolls (Vaults:4)
  5 harpies
  A lindwurm (Lair:5)
  A shadow dragon skeleton (Depths:3)
  3 salamanders
  A manticore (Shoals:4)
  2 black mambas
  2 elephants (Lair:4)
  A rust devil (Depths:2)
  A guardian serpent (Desolation)
  3 cane toads
  A tengu conjurer (Depths:1)
  A merfolk (Shoals:4)
  A hellwing (Depths:2)
  4 dream sheep
  5 saltlings (Desolation)
  5 yaks
  3 water elementals
  7 nagas
  3 water moccasins
  4 wolves
  2 bullfrogs
  An earth elemental (Elf:3)
  A human simulacrum (Depths:3)
  A giant cockroach (shapeshifter) (Depths:3)
95 creatures vanquished.

Vanquished Creatures (others)
  Asterion (Vaults:2)
  A lich (Depths:2)
  A fire giant (Depths:2)
  A dancing weapon (Elf:2)
  A deep elf knight (Elf:2)
  A guardian serpent (Snake:4)
  A naga (Snake:3)
  An electric eel (D:12)
  11 snaplasher vines
  4 tentacles (Shoals:1)
23 creatures vanquished.

Grand Total: 1689 creatures vanquished

Table legend:
 A = Non-vault XP
 B = Vault XP
 C = Vault XP percentage of total XP
 D = Non-vault monster count
 E = Vault monster count
 F = Vault count percentage of total count
                 A         B        C        D         E       F
            +---------+---------+-------+---------+---------+-------
      Total |  458775 |  359140 |  43.9 |    1096 |     575 |  34.4
            +---------+---------+-------+---------+---------+-------
        D:1 |      22 |      12 |  35.3 |      14 |       6 |  30.0
        D:2 |      32 |      40 |  55.6 |      11 |       3 |  21.4
        D:3 |      72 |       0 |   0.0 |      13 |       0 |   0.0
        D:4 |     440 |       0 |   0.0 |      22 |       0 |   0.0
        D:5 |     447 |     403 |  47.4 |      14 |       4 |  22.2
        D:6 |     828 |       0 |   0.0 |      13 |       0 |   0.0
        D:7 |    1640 |       0 |   0.0 |      13 |       0 |   0.0
        D:8 |     626 |    2650 |  80.9 |      14 |      15 |  51.7
        D:9 |    3094 |     649 |  17.3 |      29 |      26 |  47.3
       D:10 |    4155 |     563 |  11.9 |      24 |       6 |  20.0
       D:11 |    2653 |     782 |  22.8 |       6 |       1 |  14.3
       D:12 |    4482 |    2587 |  36.6 |      28 |       5 |  15.2
       D:13 |    6352 |    6957 |  52.3 |      13 |       8 |  38.1
       D:14 |    6512 |       0 |   0.0 |      18 |       0 |   0.0
       D:15 |   10043 |    5554 |  35.6 |      28 |       8 |  22.2
     Lair:1 |    8571 |       0 |   0.0 |      31 |       0 |   0.0
     Lair:2 |   11139 |    1163 |   9.5 |      32 |       6 |  15.8
     Lair:3 |   13095 |    3015 |  18.7 |      44 |       7 |  13.7
     Lair:4 |   12150 |       0 |   0.0 |      35 |       0 |   0.0
     Lair:5 |   14233 |   12196 |  46.1 |      41 |      25 |  37.9
   Shoals:1 |   13699 |    1556 |  10.2 |      31 |       1 |   3.1
   Shoals:2 |   14938 |    2352 |  13.6 |      32 |       5 |  13.5
   Shoals:3 |   25061 |       0 |   0.0 |      47 |       0 |   0.0
   Shoals:4 |    9210 |   26334 |  74.1 |      20 |      38 |  65.5
    Snake:1 |   10319 |    4458 |  30.2 |      24 |       6 |  20.0
    Snake:2 |   18474 |       0 |   0.0 |      35 |       0 |   0.0
    Snake:3 |   17149 |    1323 |   7.2 |      35 |       1 |   2.8
    Snake:4 |   24911 |   34249 |  57.9 |      55 |      42 |  43.3
      Orc:1 |    2536 |       0 |   0.0 |      36 |       0 |   0.0
      Orc:2 |    3189 |    5375 |  62.8 |      29 |      40 |  58.0
      Elf:1 |    8522 |    6910 |  44.8 |      12 |      11 |  47.8
      Elf:2 |    9096 |   26812 |  74.7 |      15 |      33 |  68.8
      Elf:3 |   19659 |   34655 |  63.8 |      36 |      32 |  47.1
   Vaults:1 |   27655 |   21025 |  43.2 |      46 |      25 |  35.2
   Vaults:2 |   25655 |   39489 |  60.6 |      39 |      49 |  55.7
   Vaults:3 |   19741 |   20372 |  50.8 |      25 |      24 |  49.0
   Vaults:4 |   36608 |   21756 |  37.3 |      48 |      19 |  28.4
   Depths:1 |   20552 |    6579 |  24.2 |      26 |       7 |  21.2
   Depths:2 |   26948 |   21777 |  44.7 |      32 |      28 |  46.7
   Depths:3 |   22549 |    6656 |  22.8 |      27 |       8 |  22.9
    Abyss:2 |    1718 |    1639 |  48.8 |       3 |       8 |  72.7
 Desolation |       0 |   39252 | 100.0 |       0 |      78 | 100.0
            +---------+---------+-------+---------+---------+-------

Skill      XL: |  1  2  3  4  5  6  7  8  9 10 11 12 13 14 15 16 17 18 19 20 21 22 23 |
---------------+----------------------------------------------------------------------+-----
Spellcasting   | 5 6 7 8 9 10 11 12 13 14 15 16 17 | 17.2
Invocations    | 1 2 3 4 5 6 7 8 10 11 12 13 14 15 16 17 | 17.9
Fighting       | 1 2 3 4 5 6 7 8 9 10 11 12 13 14 15 16 17 | 17.6
Short Blades   | 1 2 3 4 5 6 7 8 9 10 11 12 13 14 15 16 | 16.5
Long Blades    | 1 2 3 4 5 6 7 8 9 10 11 12 13 14 15 16 | 16.5
Axes           | 1 2 3 4 5 6 7 8 9 10 11 12 13 14 15 16 | 16.5
Maces & Flails | 1 2 3 4 5 6 7 8 9 10 11 12 13 14 15 16 | 16.5
Polearms       | 1 2 3 4 5 6 7 8 9 10 11 12 13 14 15 16 | 16.5
Staves         | 1 2 3 4 5 6 7 8 9 10 11 12 13 14 15 16 | 16.5
Ranged Weapons | 1 2 3 4 5 6 7 8 9 10 11 12 13 14 15 16 | 16.5
Throwing       | 1 2 3 4 5 6 7 8 9 10 11 12 13 14 15 16 | 16.5
Dodging        | 1 2 3 4 5 6 7 8 9 10 11 12 13 14 15 16 | 16.5
Stealth        | 1 2 3 4 5 6 7 8 9 10 11 12 13 14 15 16 | 16.5
Shields        | 1 2 3 4 5 6 7 8 9 10 11 12 13 14 15 16 | 16.5
Unarmed Combat | 1 2 3 4 5 6 7 8 9 10 11 12 13 14 15 16 | 16.5
Evocations     | 1 2 3 4 5 6 7 8 9 10 11 12 13 14 15 16 | 16.5
Conjurations   | 1 2 3 4 5 6 7 8 9 10 11 12 13 14 | 14.0
Hexes          | 1 2 3 4 5 6 7 8 9 10 11 12 13 14 | 14.0
Summonings     | 1 2 3 4 5 6 7 8 9 10 11 12 13 14 | 14.0
Necromancy     | 1 2 3 4 5 6 7 8 9 10 11 12 13 14 | 14.0
Translocations | 1 2 3 4 5 6 7 8 9 10 11 12 13 14 | 14.0
Fire Magic     | 1 2 3 4 5 6 7 8 9 10 11 12 13 14 | 14.0
Ice Magic      | 1 2 3 4 5 6 7 8 9 10 11 12 13 14 | 14.0
Air Magic      | 1 2 3 4 5 6 7 8 9 10 11 12 13 14 | 14.0
Earth Magic    | 1 2 3 4 5 6 7 8 9 10 11 12 13 14 | 14.0
Transmutations | 4 5 6 7 8 9 10 11 12 13 14 | 14.5
Armour         | 7 8 9 10 11 12 13 14 15 16 17 | 17.6
Poison Magic   | 6 7 8 9 10 11 12 13 14 15 | 15.0

Action                     |  1- 3 |  4- 6 |  7- 9 | 10-12 | 13-15 | 16-18 | 19-21 | 22-24 || total
---------------------------+-------+-------+-------+-------+-------+-------+-------+-------++-------
  Melee: Club              |    21 |       |       |       |       |       |       |       ||    21
         Staff             |    15 |    22 |     4 |    74 |   235 |   128 |   296 |   427 ||  1201
         Bite              |     1 |     2 |     8 |     9 |    41 |   134 |   221 |    95 ||   511
         Headbutt          |     1 |       |       |       |       |       |       |       ||     1
         War axe           |       |       |    43 |     7 |    31 |   222 |       |       ||   303
         Punch             |       |       |     2 |       |       |       |       |       ||     2
         Dagger            |       |       |       |       |       |   390 |   726 |       ||  1116
  Throw: Boomerang         |       |       |     4 |    14 |    17 |     1 |       |     6 ||    42
         Javelin           |       |       |       |     2 |       |       |       |       ||     2
         Dart              |       |       |       |       |     3 |       |       |       ||     3
   Cast: Sting             |    41 |    27 |    23 |     2 |    27 |     3 |       |     1 ||   124
         Beastly Appendage |     2 |       |       |       |       |       |       |       ||     2
         Poisonous Vapours |       |    51 |    63 |   114 |   277 |   194 |   186 |   227 ||  1112
         Ignite Poison     |       |     8 |    34 |    63 |   176 |   157 |   189 |   176 ||   803
         Dispel Undead     |       |       |       |    11 |    26 |       |     8 |    18 ||    63
         Irradiate         |       |       |       |       |    13 |    41 |    47 |    35 ||   136
         Summon Mana Viper |       |       |       |       |    23 |    12 |       |       ||    35
         Summon Forest     |       |       |       |       |     4 |    12 |     4 |     2 ||    22
         Plasma Beam       |       |       |       |       |       |    19 |    13 |    22 ||    54
         Statue Form       |       |       |       |       |       |    43 |    60 |    54 ||   157
         Borgnjor's Vile C |       |       |       |       |       |     7 |    24 |       ||    31
         Olgreb's Toxic Ra |       |       |       |       |       |       |    49 |     6 ||    55
         Monstrous Menager |       |       |       |       |       |       |       |    66 ||    66
         Lesser Beckoning  |       |       |       |       |       |       |       |     1 ||     1
  Evoke: Wand              |       |       |       |       |     7 |     2 |     1 |       ||    10
         Box of beasts     |       |       |       |       |       |       |     1 |       ||     1
         Phantom mirror    |       |       |       |       |       |       |       |     1 ||     1
    Use: Scroll            |       |     9 |     3 |     5 |     8 |     5 |     5 |    18 ||    53
         Potion            |       |     2 |     3 |       |     5 |     2 |     3 |     3 ||    18
   Stab: Paralysed         |       |       |       |       |     6 |       |       |     1 ||     7
         Sleeping          |       |       |       |       |     1 |     8 |     8 |       ||    17
         Distracted        |       |       |       |       |     2 |     3 |     8 |    16 ||    29
 Armour: Ring mail         |    31 |       |       |       |       |       |       |       ||    31
         Robe              |     2 |       |       |       |       |       |       |       ||     2
         Leather armour    |       |    14 |    13 |       |       |       |       |       ||    27
         Troll leather arm |       |       |    10 |    38 |   122 |    76 |    30 |     7 ||   283
         Skin              |       |       |       |       |       |   318 |   543 |   332 ||  1193
  Dodge: Dodged            |    39 |    29 |    38 |    83 |   227 |   688 |  1013 |   443 ||  2560
  Block: Buckler           |       |       |    18 |    35 |   200 |   638 |   941 |   396 ||  2228
         Reflection        |       |       |       |       |     1 |    67 |    54 |    13 ||   135

Illustrated notes

Table legend:
 A = Kills in this place as a percentage of kills in the entire game.
 B = Kills by you in this place as a percentage of kills by you in the entire game.
 C = Kills by friends in this place as a percentage of kills by friends in the entire game.
 D = Other kills in this place as a percentage of other kills in the entire game.
 E = Experience gained in this place as a percentage of experience gained in the entire game.
 F = Experience gained in this place divided by the number of levels of this place that you have seen.
                   A       B       C       D       E      F
               +-------+-------+-------+-------+-------+----------------------
         Total | 100.0 | 100.0 | 100.0 | 100.0 | 100.0 | 19021.3
       Dungeon |  20.5 |  21.8 |   0.0 |   0.0 |   7.5 | 4106.3
          Lair |  13.2 |  12.4 |  28.4 |   0.0 |   9.2 | 15112.4
        Shoals |  10.4 |  10.2 |  14.7 |   0.0 |  11.4 | 23287.5
     Snake Pit |  11.8 |  11.7 |  13.7 |  33.3 |  13.6 | 27720.8
  Orcish Mines |   6.3 |   6.7 |   0.0 |   0.0 |   1.4 | 5550.0
   Elven Halls |   8.3 |   8.0 |  12.6 |  16.7 |  12.9 | 35218.0
        Vaults |  16.5 |  17.2 |   4.2 |  16.7 |  26.0 | 53075.2
        Depths |   7.7 |   6.8 |  20.0 |  33.3 |  12.8 | 35020.3
         Abyss |   0.7 |   0.7 |   0.0 |   0.0 |   0.4 | 3357.0
    Desolation |   4.7 |   4.6 |   6.3 |   0.0 |   4.8 | 39252.0
               +-------+-------+-------+-------+-------+----------------------

Table legend: (Time is in decaauts)
 A = Elapsed time spent in this place.
 B = Non-inter-level travel time spent in this place.
 C = Inter-level travel time spent in this place.
 D = Time resting spent in this place.
 E = Time spent auto-exploring this place.
 F = Levels seen in this place.
 G = Mean time per level.
                   A        B        C        D        E       F      G
               +--------+--------+--------+--------+--------+-----+--------+
         Total |  70308 |  67156 |   3152 |   6819 |  50003 |  43 | 1635.1 |
       Dungeon |  19319 |  18402 |    917 |    911 |  15309 |  15 | 1287.9 |
        Temple |     34 |     31 |      3 |      0 |      0 |   1 |   34.0 |
          Lair |   8682 |   8087 |    595 |   1129 |   5983 |   5 | 1736.4 |
        Shoals |   6785 |   6480 |    305 |    471 |   5319 |   4 | 1696.2 |
     Snake Pit |   7933 |   7751 |    182 |    335 |   5667 |   4 | 1983.2 |
  Orcish Mines |   2470 |   2268 |    202 |      6 |   1897 |   2 | 1235.0 |
   Elven Halls |   6415 |   5847 |    568 |    526 |   4427 |   3 | 2138.3 |
        Vaults |   9582 |   9345 |    237 |    810 |   7175 |   4 | 2395.5 |
        Depths |   6885 |   6746 |    139 |   2035 |   3639 |   3 | 2295.0 |
         Abyss |    139 |    139 |      0 |      0 |      0 |   1 |  139.0 |
    Desolation |   2059 |   2059 |      0 |    595 |    585 |   1 | 2059.0 |
               +--------+--------+--------+--------+--------+-----+--------+

Top non-repeatable levels by time:
 Snake:4: 3125 daAuts
Depths:1: 2844 daAuts
Vaults:4: 2793 daAuts
   Elf:3: 2692 daAuts
Vaults:2: 2646 daAuts
  Lair:3: 2506 daAuts
Depths:2: 2481 daAuts
   Elf:2: 2315 daAuts
Vaults:3: 2250 daAuts
    D:15: 2210 daAuts
 Snake:3: 2076 daAuts
Desolation: 2059 daAuts
  Lair:5: 2056 daAuts
 Snake:2: 1945 daAuts
Vaults:1: 1892 daAuts
